Cogmind - Beta 16 @@@ ROGUE MODE // 2025.11.03 @ 03:26:35 Player: szymekc Result: Core destroyed Performance ------------- Evolutions (9) 4500 Regions Visited (35) 7000 Robots Destroyed (629) 3145 Value Destroyed (39045) 39045 Prototype IDs (48) 960 Alien Tech Used (1) 200 Bonus (30343) 30343 TOTAL SCORE: 85193 Bonus ------- High Alert Combat Kills 6307 Follower Combat Kills 6309 Entered Garrisons 2400 Used RIF Installer 6500 Destroyed MAIN.C Guards 500 Met MAIN.C 5000 Destroyed MAIN.C Shell 5000 Friendly Fire -1673 Cogmind --------- Core Integrity 0/1600 Matter 300/300 Energy 60/100 System Corruption 21% Temperature Cool (0) Movement Core (100) Ox1 Location -1/Command Parts ------- > --- POWER (3) -------- (None) > --- PROPULSION (6) --- (None) > --- UTILITY (13) ----- Experimental Optical Array Advanced Salvage Targeting Computer Advanced Target Analyzer Experimental Core Analyzer Advanced Weapon Cycler Graphene Brace > --- WEAPON (3) ------- Phasing Sabre > --- INVENTORY (5) ---- Transdimensional Reconstructor Enhanced Nova Cannon Advanced Remote Datajack Peak State ------------ > --- POWER ------------ Quantum Reactor Quantum Reactor Quantum Reactor > --- PROPULSION ------- Armored Heavy Treads Armored Heavy Treads Biometal Heavy Treads > --- UTILITY ---------- Advanced Cooling System Advanced Cooling System Huge Storage Unit Experimental Optical Array Advanced Salvage Targeting Computer Advanced Target Analyzer Experimental Core Analyzer Advanced Weapon Cycler Improved Utility Shielding Graphene Brace Advanced Remote Force Field Relay Coupler [Grunt] Relay Coupler [Sentry] > --- WEAPON ----------- Multirail Multirail Multirail > --- INVENTORY -------- Armored Heavy Treads Energy Well High-capacity Matter Pod Relay Coupler [Grunt] Relay Coupler [Proto] Relay Coupler [Proto] Relay Coupler [Proto] High-powered Tractor Beam Dimensional Node Initializer Transdimensional Reconstructor Subatomic Replicator Terrabomb Compact HERF Cannon Enhanced Nova Cannon Enhanced Nova Cannon Enhanced Nova Cannon Enhanced Nova Cannon Railgun Enhanced Hardcell Cannon Advanced Remote Datajack Advanced Remote Datajack Phasing Sabre [Rating: 212] Favorites ----------- Power Improved Quantum Reactor Engine Improved Ion Engine Power Core Reinforced Fission Core Reactor Improved Quantum Reactor Propulsion Armored Heavy Treads Treads Armored Heavy Treads Leg Improved Carbon-fiber Leg Wheel Armored Huge Wheel Hover Unit Aerolev Unit Utility Huge Storage Unit Device Advanced Cooling System Storage Huge Storage Unit Processor Improved Salvage Targeting Computer Hackware Relay Coupler [Grunt] Protection Improved Medium Armor Plating Weapon KE Penetrator Energy Gun Advanced Beam Rifle Energy Cannon Advanced Beam Cannon Ballistic Gun KE Penetrator Ballistic Cannon Enhanced Hardcell Cannon Launcher Tesla Bomb Launcher Special Weapon Improved Remote Datajack Impact Weapon Flail Slashing Weapon Phasing Sabre Piercing Weapon Plasma Lance Build | -11 -10 -10 -9 -9 -8 -8 -7 -7 -6 -6 -6 -6 -6 -6 -6 -6 -6 -6 -5 -5 -5 -5 -5 -5 -4 -4 -3 -3 -3 -2 -2 -1 -1 -1 -1 ------- Run | Yrd Mat Min Mat Min Mat Gar Fac Gar Fac Was Fac Gar Fac Gar Fac Gar Fac Gar Fac Was Fac Gar Fac Gar Fac Gar Res Qua Gar Res Gar Acc Gar Acc Com Slots Evolved 18 | . . . 2 . 2 . 2 . 2 . . . . . . . . . 2 . . . . . 2 . 2 . . 2 . 2 . . . Power 2 | . . . . . . . . . . . . . . . . . . . . . . . . . 1 . . . . 1 . . . . . Propulsion 4 | . . . 1 . . . 1 . 1 . . . . . . . . . 1 . . . . . . . . . . . . . . . . Utility 11 | . . . . . 2 . 1 . 1 . . . . . . . . . 1 . . . . . 1 . 2 . . 1 . 2 . . . Weapon 1 | . . . 1 . . . . . . . . . . . . . . . . . . . . . . . . . . . . . . . . Parts Attached 474 | 7 9 5 5 2 38 12 4 46 3 10 3 12 2 11 4 16 1 17 11 3 12 10 8 24 11 22 14 28 41 15 13 10 23 13 9 Power 51 | 1 1 1 1 . 3 1 . 8 . 3 . . . . . 3 . 1 . . . . . 3 1 2 1 2 5 3 1 2 5 3 . Engine 11 | 1 1 1 1 . 2 1 . 3 . . . . . . . 1 . . . . . . . . . . . . . . . . . . . Core 10 | . . . . . 1 . . 5 . 1 . . . . . . . . . . . . . 3 . . . . . . . . . . . Reactor 30 | . . . . . . . . . . 2 . . . . . 2 . 1 . . . . . . 1 2 1 2 5 3 1 2 5 3 . Propulsion 107 | 2 . 3 . . 15 2 1 13 1 3 1 1 . . 1 5 . 1 2 2 4 3 2 7 1 8 2 3 9 5 . . 6 1 3 Treads 93 | 2 . 3 . . 14 2 1 6 . 2 1 1 . . 1 5 . . 1 2 4 3 2 7 1 8 2 1 9 5 . . 6 1 3 Leg 10 | . . . . . . . . 4 1 1 . . . . . . . 1 1 . . . . . . . . 2 . . . . . . . Wheel 3 | . . . . . . . . 3 . . . . . . . . . . . . . . . . . . . . . . . . . . . Hover 1 | . . . . . 1 . . . . . . . . . . . . . . . . . . . . . . . . . . . . . . Flight . | . . . . . . . . . . . . . . . . . . . . . . . . . . . . . . . . . . . . Utility 174 | 2 3 . 1 1 7 4 2 9 1 2 1 9 1 5 2 6 1 11 5 1 5 5 5 7 5 5 7 18 15 5 6 5 6 4 2 Device 74 | 2 . . . 1 2 3 . 2 1 1 . 4 . 1 . 3 . 3 3 1 5 . 1 3 1 2 5 13 6 3 . 1 4 2 1 Storage 11 | . 3 . 1 . 1 . . 1 . . 1 . . . . . . . . . . . . . 1 . . 1 1 . 1 . . . . Processor 14 | . . . . . 1 . 1 2 . . . . . . . . . 3 . . . 1 . . . . . 3 1 . . 1 . 1 . Hackware 61 | . . . . . 1 . . 2 . 1 . 3 1 4 1 3 1 5 2 . . 4 3 3 3 3 2 . 7 2 4 3 1 1 1 Protection 14 | . . . . . 2 1 1 2 . . . 2 . . 1 . . . . . . . 1 1 . . . 1 . . 1 . 1 . . Artifact . | . . . . . . . . . . . . . . . . . . . . . . . . . . . . . . . . . . . . Weapon 142 | 2 5 1 3 1 13 5 1 16 1 2 1 2 1 6 1 2 . 4 4 . 3 2 1 7 4 7 4 5 12 2 6 3 6 5 4 Energy Gun 16 | 1 . . . . 6 . . 6 . . . . . . . . . . . . . . . . . . . 2 1 . . . . . . Energy Cannon 18 | . . . . . 4 . . . . 1 . . 1 . . . . 1 . . 1 . . 1 . 1 . 1 . . 1 2 1 1 2 Ballistic Gun 73 | 1 1 . 3 . 1 4 1 8 . . . 2 . 4 . 2 . 2 3 . 2 2 1 6 3 5 3 1 8 1 1 . 5 3 . Ballistic Cannon 14 | . 2 1 . . . . . 1 1 . 1 . . . . . . . . . . . . . . . . . 2 1 3 1 . . 1 Launcher 6 | . 1 . . 1 1 1 . . . . . . . 1 . . . . 1 . . . . . . . . . . . . . . . . Special Weapon 11 | . 1 . . . . . . 1 . . . . . . 1 . . . . . . . . . 1 1 1 1 1 . 1 . . 1 1 Impact Weapon 1 | . . . . . 1 . . . . . . . . . . . . . . . . . . . . . . . . . . . . . . Slashing Weapon 2 | . . . . . . . . . . 1 . . . 1 . . . . . . . . . . . . . . . . . . . . . Piercing Weapon 1 | . . . . . . . . . . . . . . . . . . 1 . . . . . . . . . . . . . . . . . Special Melee Weapon . | . . . . . . . . . . . . . . . . . . . . . . . . . . . . . . . . . . . . Unidentified Prototypes 30 | . . . . . 5 . . . . . . . . . . 1 . 9 3 . . . . . 1 . . 10 1 . . . . . . Parts Lost 84 | . . 5 . . 8 3 . 16 1 1 . . . . . 4 . 1 . . 2 . 1 5 . 4 . 4 5 . . 2 3 . 19 Power 12 | . . 2 . . 1 . . 4 . . . . . . . . . . . . 1 . . 1 . . . . . . . . 2 . 1 Propulsion 28 | . . 2 . . 5 1 . 6 . 1 . . . . . 1 . . . . . . . 1 . 2 . 1 3 . . . 1 . 4 Utility 23 | . . . . . 1 1 . 3 . . . . . . . 3 . . . . . . . 1 . . . 2 2 . . 2 . . 8 Weapon 21 | . . 1 . . 1 1 . 3 1 . . . . . . . . 1 . . 1 . 1 2 . 2 . 1 . . . . . . 6 Highest Loss Streak 17 | . . 4 . . 3 2 . 5 1 1 . . . . . 3 . 1 . . 1 . 1 1 . 4 . 1 3 . . 2 2 . 17 To Critical Strikes 1 | . . . . . . 1 . . . . . . . . . . . . . . . . . . . . . . . . . . . . . Average Backups 21 | 1 7 19 15 16 20 24 20 19 16 16 19 21 23 22 23 22 22 22 23 23 21 23 24 24 24 23 24 23 24 23 22 22 23 23 20 Power . | . . . . . . 1 1 . 1 . 2 1 1 1 1 1 1 1 1 1 . . . . . . . . . . . . . . . Propulsion 2 | . 2 4 3 4 3 2 . 1 . 1 2 2 2 2 2 1 1 1 . 1 3 1 . . 1 . . . 2 3 4 4 2 1 1 Utility 11 | . 1 3 3 3 7 11 9 10 11 10 9 9 13 11 12 14 16 15 15 13 11 15 18 17 18 17 17 13 12 12 10 9 10 9 6 Weapon 5 | 1 2 11 9 9 9 10 9 5 4 4 5 6 6 6 5 4 4 3 5 6 5 5 4 5 4 4 5 5 3 2 2 3 5 6 7 Tool/Special . | . . . . . . . . . . . . . . . . . . . . . . . . . . . . . . . . . . . . Unused Backups 108 | . 5 . . . 7 6 1 11 . 5 . 4 1 4 . 8 . 2 1 4 1 3 2 2 1 8 . 2 14 2 3 . 4 1 6 Power 6 | . 1 . . . 1 . . . . . . 1 . . . 1 . . . . . . . . . . . . . 2 . . . . . Propulsion 13 | . . . . . 2 . . 1 . . . 1 . . . 1 . 1 . . . . . . . 1 . . 3 . 1 . 2 . . Utility 58 | . 2 . . . . 1 . 7 . 5 . . . 4 . 3 . . 1 4 1 3 1 2 . 7 . 2 8 . 2 . 1 1 3 Weapon 25 | . 2 . . . 4 5 1 2 . . . 2 1 . . 3 . . . . . . 1 . 1 . . . 2 . . . 1 . . Tool/Special 6 | . . . . . . . . 1 . . . . . . . . . 1 . . . . . . . . . . 1 . . . . . 3 Average Slot Usage (%) 88 | . 100 98 88 100 99 99 99 92 87 86 83 81 86 85 85 85 86 84 81 81 81 81 83 88 88 84 84 86 85 85 85 87 87 88 83 Engine 1 | . 14 12 1 11 7 6 7 2 . . . . . . . . . . . . . . . . . . . . . . . . . . . Core 1 | . . . . . 1 2 . 3 6 1 . . . . . . . . . . . . . 4 9 3 . . . . . . . . . Reactor 5 | . . . . . . . . . . 4 6 6 6 6 6 5 6 6 5 5 5 5 5 . . 6 9 9 9 13 13 12 11 12 11 Treads 18 | . 28 28 33 33 26 27 30 17 . 9 14 19 20 20 20 19 20 19 16 17 16 17 18 24 21 15 14 12 14 13 13 12 12 12 10 Device 10 | . 21 14 11 11 16 17 15 8 7 6 6 7 10 8 2 10 8 3 3 3 4 4 . 2 3 8 6 12 6 5 14 15 12 16 15 Storage 5 | . 6 14 11 11 9 9 7 7 6 6 6 6 6 6 6 6 6 6 5 5 5 5 5 5 5 5 4 4 4 4 4 4 4 4 3 Processor 14 | . . . . . 6 . 6 13 20 20 20 20 20 13 13 13 13 16 23 23 23 23 23 23 21 21 19 16 19 17 17 15 15 14 16 Hackware 7 | . . . . . . . . 3 . 5 6 4 2 10 15 7 10 11 6 6 5 5 10 6 11 5 16 10 14 19 11 16 18 16 11 Protection 1 | . . . . . 2 9 7 3 . . . . . . 2 1 . . . . . . . 1 . . . . 1 . . . 1 1 1 Energy Gun 1 | . 1 . . . 10 12 . 5 . . . . . . . . . . . . . . . . . . . 1 1 . . . . . . Energy Cannon 1 | . . . . . 10 . . . . 5 3 . . . . . . . . . 1 . . . 1 . . . . . . 4 4 . 2 Ballistic Gun 10 | . 2 . 31 33 5 12 21 11 . 5 4 4 18 16 16 16 6 15 11 16 12 14 13 14 13 11 10 9 9 6 . . 3 10 8 Ballistic Cannon 2 | . 20 28 . . . . . . 6 . 2 4 . . . . . . . . . . . . . . . . . 3 7 5 2 . . Special Weapon 1 | . 3 . . . . . . . 6 5 2 3 . . 1 1 6 . . . . . 1 . . . 1 . . . 1 1 . . . Peak Build Rating 212 | 9 9 9 15 15 40 40 40 63 71 88 92 102 104 103 102 103 98 120 134 126 126 118 117 120 131 137 153 191 191 187 195 199 193 210 212 Average Rating 107 | 5 8 8 13 15 30 37 39 46 67 81 89 94 99 100 96 95 95 101 129 124 118 115 110 110 121 132 146 166 160 179 192 194 184 201 196 On Entrance 100 | . 9 9 7 15 15 40 35 40 61 71 87 88 102 95 101 95 97 94 116 125 124 116 118 114 112 131 135 151 191 164 184 191 190 188 207 Avg Prop Armor Cover (%) 9 | . . . . . . . . 15 . 10 10 . . . . . . 3 . . . . . . . . . 5 4 . . . . . . Naked Turns . | . . . . . . . . . . . . . . . . . . . . . . . . . . . . . . . . . . . . Heaviest Build 204 | 8 52 52 57 57 102 105 65 77 71 88 136 135 133 128 126 134 120 121 121 113 120 124 121 131 149 163 156 163 166 178 187 184 194 204 191 Greatest Support 240 | 40 40 40 60 60 60 62 82 90 97 140 170 170 160 160 160 160 150 150 195 205 210 210 210 194 187 210 180 195 225 240 215 215 215 200 200 Greatest Overweight (x) 3 | . 1 1 . . 1 1 . 2 . 3 . . . . . . . . 3 . . . . 1 . 2 . 1 1 . . . . 1 1 Average Overweight (x) . | . . 1 . . . 1 . . . . . . . . . . . . . . . . . . . . . . . . . . . . . Largest Inventory Capacity 25 | 5 20 20 20 20 25 25 25 20 20 20 25 25 25 25 25 25 25 25 25 25 25 25 25 25 25 25 25 25 25 25 25 25 25 25 25 Average Capacity 23 | 5 8 20 20 20 21 25 20 20 20 20 24 25 25 25 25 25 25 25 25 25 25 25 25 25 25 25 25 25 25 25 25 25 25 25 24 Most Carried 25 | 3 18 20 18 17 25 25 24 20 19 20 25 25 25 25 25 25 25 25 25 25 25 25 25 25 25 25 25 25 25 25 25 25 25 25 25 Average Carried 22 | 1 7 19 15 16 20 24 20 19 18 19 23 24 25 24 24 24 24 24 24 24 24 24 24 24 24 24 24 24 24 24 24 24 24 24 21 Final Capacity 25 | 5 20 20 20 20 25 25 20 20 20 20 25 25 25 25 25 25 25 25 25 25 25 25 25 25 25 25 25 25 25 25 25 25 25 25 5 Final Carried 25 | 3 18 18 16 17 25 25 20 20 18 20 25 25 25 25 25 24 24 25 25 25 25 25 24 25 24 25 25 25 25 25 25 25 25 25 3 Class Distribution -------------------- 24% | Botlord-Gunner 18% | Botlord-Tank 17% | Botlord-Mutant 7% | Bothacker-Tank 7% | Mutant 5% | Tank 5% | Gunner 4% | Scavenger-Gunner Dominant Class ---------------- Mutant | -10/Materials Mutant | -10/Mines Gunner | -9/Materials Gunner | -9/Mines Gunner | -8/Materials Tank | -8/Garrison Scavenger-Tank | -7/Factory Bothacker-Mutant | -7/Garrison Bothacker-Gunner | -6/Factory Bothacker-Tank | -6/Waste Bothacker-Tank | -6/Factory Bothacker-Tank | -6/Garrison Bothacker-Tank | -6/Factory Botlord-Tank | -6/Garrison Botlord-Tank | -6/Factory Botlord-Tank | -6/Garrison Botlord-Mutant | -6/Factory Botlord-Tank | -6/Garrison Botlord-Mutant | -5/Factory Botlord-Gunner | -5/Waste Botlord-Gunner | -5/Factory Botlord-Gunner | -5/Garrison Botlord-Gunner | -5/Factory Botlord-Gunner | -5/Garrison Scavenger-Gunner | -4/Factory Botlord-Tank | -4/Garrison Botlord-Mutant | -3/Research Botlord-Gunner | -3/Quarantine Botlord-Gunner | -3/Garrison Botlord-Tank | -2/Research Botlord-Gunner | -2/Garrison Botlord-Tank | -1/Access Botlord-Gunner | -1/Garrison Botlord-Tank | -1/Access Botlord-Gunner | -1/Command Resources | -11 -10 -10 -9 -9 -8 -8 -7 -7 -6 -6 -6 -6 -6 -6 -6 -6 -6 -6 -5 -5 -5 -5 -5 -5 -4 -4 -3 -3 -3 -2 -2 -1 -1 -1 -1 ----------- Run | Yrd Mat Min Mat Min Mat Gar Fac Gar Fac Was Fac Gar Fac Gar Fac Gar Fac Gar Fac Was Fac Gar Fac Gar Fac Gar Res Qua Gar Res Gar Acc Gar Acc Com Matter Collected 33182 | 293 156 228 91 231 1099 592 111 1953 159 841 207 759 339 904 283 2224 19 1002 549 565 974 799 463 1871 370 2167 947 1775 2624 859 1708 828 1850 1856 1486 Remotely 3549 | . . . . . . . . . . . . . . . . . . . . . 355 . . 407 . . 348 360 66 356 231 205 328 359 534 Salvage Created 40561 | 171 233 162 91 201 2446 877 111 2091 166 1779 194 678 493 1308 189 2575 . 746 1080 1715 1384 1003 663 2779 428 2253 738 1225 3260 759 1330 891 1986 3366 1190 Parts 1973 | 19 30 7 6 15 125 53 4 92 3 30 4 41 33 92 19 98 . 41 42 41 74 45 34 117 30 127 62 77 183 37 50 33 113 175 21 Haulers Intercepted 13 | . 2 . 1 . 5 . . . . . . . . . . . . . . . . . . . . . . 1 . . . 1 . 3 . Recyclers Shooed 10 | . 4 . . . 1 . . . . . . . . . . . . . . . . . 1 . . . 1 1 . . . . . 2 . Parts Field Recycled . | . . . . . . . . . . . . . . . . . . . . . . . . . . . . . . . . . . . . Retrieved Matter . | . . . . . . . . . . . . . . . . . . . . . . . . . . . . . . . . . . . . Parts Self-Destructed . | . . . . . . . . . . . . . . . . . . . . . . . . . . . . . . . . . . . . Prevented . | . . . . . . . . . . . . . . . . . . . . . . . . . . . . . . . . . . . . Parts Restored . | . . . . . . . . . . . . . . . . . . . . . . . . . . . . . . . . . . . . Kills | -11 -10 -10 -9 -9 -8 -8 -7 -7 -6 -6 -6 -6 -6 -6 -6 -6 -6 -6 -5 -5 -5 -5 -5 -5 -4 -4 -3 -3 -3 -2 -2 -1 -1 -1 -1 ------- Run | Yrd Mat Min Mat Min Mat Gar Fac Gar Fac Was Fac Gar Fac Gar Fac Gar Fac Gar Fac Was Fac Gar Fac Gar Fac Gar Res Qua Gar Res Gar Acc Gar Acc Com Combat Hostiles Destroyed 541 | . 13 4 1 5 41 31 3 35 5 6 4 11 7 27 3 26 . 11 13 6 18 15 7 43 6 27 9 16 37 8 17 12 35 32 7 Melee 4 | . . . . . . 1 . . . . 1 . . . . 1 . 1 . . . . . . . . . . . . . . . . . Guns 389 | . 2 . 1 3 12 26 3 30 . 3 . 4 7 24 3 25 . 10 13 6 15 15 7 41 6 27 9 14 29 6 . . 9 32 7 Cannons 101 | . 4 4 . . 13 . . 4 5 3 3 7 . . . . . . . . 1 . . 2 . . . . 8 2 13 12 20 . . AOE 31 | . 7 . . 2 12 4 . . . . . . . 3 . . . . . . 2 . . . . . . . . . . . 1 . . Classes Destroyed 27 | 3 4 1 . . 7 1 . 2 . 2 . 1 . . . 1 . 2 . . . . . . . . . 2 . . . . . 1 . Worker 16 | 1 1 1 . 1 1 . . . . . . . . . . . . . 1 . 1 . 1 . . . 1 . . . . . . 6 1 Builder 17 | . 2 . . . 4 . . . . . . . 1 . 1 . . . 2 . . . 1 . . . 1 1 . . . 1 . 3 . Tunneler 9 | 4 . 1 . 2 . . . . . . . . . . . . . . . . 1 . . . . . . . . . . . . 1 . Hauler 13 | . 2 . 1 . 5 . . . . . . . . . . . . . . . . . . . . . . 1 . . . 1 . 3 . Recycler 11 | 1 . . . 1 3 . . . . . . . . . . . . . 1 . 1 . 1 . . . . . . 2 . . . 1 . Mechanic 1 | . . . . . 1 . . . . . . . . . . . . . . . . . . . . . . . . . . . . . . Operator 3 | . . . . . 3 . . . . . . . . . . . . . . . . . . . . . . . . . . . . . . Watcher 3 | . . . . . 1 . . . . . . . . . . . . . . . . . . . . . . . . . . 1 . . 1 Swarmer 128 | . 9 . . 5 8 21 . 4 . . 1 1 . 12 2 3 . 4 . . . . 1 14 . 10 2 3 13 4 3 . 6 2 . Cutter 13 | . . . . . . . . 4 . . . 1 . . . . . . . . . . . . . . . . 1 . . . 7 . . Saboteur 3 | . . . . . . . . . . . . . . . . 1 . . 1 . . . . 1 . . . . . . . . . . . Grunt 149 | . 4 2 . . 21 5 3 16 3 . 3 3 2 6 . 14 . 3 4 . 6 12 1 7 . 3 1 2 7 . 4 4 6 7 . Brawler 15 | . . . . . 1 . . . . . . . . . . . . 1 2 . . . . 5 . 1 . . 3 . . . 1 1 . Duelist 11 | . . . . . 1 . . . 1 . . . . . . . . . 2 . . 1 1 . . . . . . . 2 . 3 . . Protector 1 | . . . . . . . . . . . . . . . . . . . . . . . . . . . . . . . . . . 1 . Researcher 1 | . . . . . . . . . . . . . . . . . . . . . . . . . . . . 1 . . . . . . . Sentry 62 | . . 2 1 . 8 3 . 7 1 . . 3 2 . . 1 . 1 2 . 4 1 1 8 2 2 1 . 4 1 1 1 1 3 1 Demolisher 1 | . . . . . . . . . . . . . . . . . . . . . . . . . . 1 . . . . . . . . . Specialist 9 | . . . . . . . . 1 . . . . . 2 . . . . . . . . . 2 . . . . 1 . 1 . . 2 . Hunter 32 | . . . . . 1 1 . . . . . . 1 2 . . . . . . . . 2 1 2 4 . 2 1 . 5 2 6 2 . Programmer 85 | . . . . . . 1 . 4 . . . 2 1 6 . 6 . 1 2 . 8 1 . 3 2 5 4 8 4 2 . 6 4 12 3 Heavy 2 | . . . . . 1 . . . . . . . . . . . . . . . . . 1 . . . . . . . . . . . . Behemoth 17 | . . . . . . . . . . . . 1 1 . 1 1 . . . . . . . 3 . 1 1 . 3 1 1 . 1 2 . Compactor 12 | . . . . . . . . . . 6 . . . . . . . . . 6 . . . . . . . . . . . . . . . Combat Programmer 2 | . . . . . . . . . . . . . . . . . . . . . . . . . . . . . . . . . . . 2 Striker 1 | . . . . . . . . . . . . . . . . . . 1 . . . . . . . . . . . . . . . . . Executioner 4 | . . . . . . . . . . . . . . . . . . 2 . . . . . . . . . . 2 . . . . . . Alpha 7 1 | . . . . . . . . . . . . . . . . . . . . . . . . . . . . 1 . . . . . . . Surgeon 1 | . . . . . . . . . . . . . . 1 . . . . . . . . . . . . . . . . . . . . . Wasp 2 | . . . . . . . . . . . 2 . . . . . . . . . . . . . . . . . . . . . . . . Thug 1 | . . . . . . . . . . . . . . . . . . . . . . . . . . . . . . . . . . 1 . Martyr 2 | . . . . . . . . . . 2 . . . . . . . . . . . . . . . . . . . . . . . . . Best Kill Streak 15 | 4 9 2 1 3 9 7 2 15 5 3 2 3 2 7 2 7 . 2 10 3 6 3 8 12 3 6 5 4 7 3 5 5 15 7 2 Combat Bots Only 15 | . 6 2 1 3 8 7 2 15 5 3 2 3 2 7 2 7 . 2 9 3 5 3 6 12 3 6 3 3 7 3 5 3 15 5 2 Max Kills in Single Turn 4 | 1 4 1 1 2 4 3 1 2 2 1 2 2 1 3 1 2 . 2 2 1 2 2 2 3 1 2 2 2 2 2 1 2 2 3 2 Gunslinging 2 | . . . . . . 1 . 1 . . . . . 1 . 1 . 1 1 . . . 1 2 . . . 1 1 . . . 1 1 . Exploded 3 | . 2 . . 2 3 3 . . . . . . . 3 . . . . . . 2 . . . . . . . . . . . 1 . . Melee 1 | . . . . . . 1 . . . . 1 . . . . 1 . 1 . . . . . . . . . . . . . . . . . Uniques/NPCs Destroyed 1 | . . . . . . . . . . . . . . . . . . . . . . . . . . . . . . . . . . . 1 MAIN.C Shell (-1/Command) Combat | -11 -10 -10 -9 -9 -8 -8 -7 -7 -6 -6 -6 -6 -6 -6 -6 -6 -6 -6 -5 -5 -5 -5 -5 -5 -4 -4 -3 -3 -3 -2 -2 -1 -1 -1 -1 -------- Run | Yrd Mat Min Mat Min Mat Gar Fac Gar Fac Was Fac Gar Fac Gar Fac Gar Fac Gar Fac Was Fac Gar Fac Gar Fac Gar Res Qua Gar Res Gar Acc Gar Acc Com Hostile Shots Fired 3391 | . 30 47 . 24 168 151 10 461 61 1 24 90 56 106 29 143 . 74 66 . 109 41 49 176 103 147 73 195 183 53 122 76 174 146 203 Missed 875 | . 9 14 . 6 52 39 1 147 25 . 9 26 16 19 6 30 . 22 13 . 35 15 11 46 46 33 16 37 28 3 38 25 44 26 38 Hits 2516 | . 21 33 . 18 116 112 9 314 36 1 15 64 40 87 23 113 . 52 53 . 74 26 38 130 57 114 57 158 155 50 84 51 130 120 165 Melee 55 | . . . . . 2 . . 20 . 1 . . . 1 . 2 . . 8 . . . 3 1 . 1 . . . . . . 16 . . Projectile 2461 | . 21 33 . 18 114 112 9 294 36 . 15 64 40 86 23 111 . 52 45 . 74 26 35 129 57 113 57 158 155 50 84 51 114 120 165 AOE 34 | . . 12 . . . . . 1 . . . 1 . . . . . 1 . . . . . . 1 6 . . 2 . . . . . 10 Critical Strikes 127 | . . . . 1 7 4 . 14 . 1 . 2 1 6 . 7 . 3 2 . 9 . 4 3 1 5 3 13 6 4 1 2 11 4 13 Actively Blocked 33 | . . . . . . . . . . . . . . . . . . . . . . . . . . . . 8 . . . 2 6 4 13 Part Disruptions 13 | . . . . . . . . 3 . . . . . . . . . . . . . . . 2 . . 1 1 . . . . 1 . 5 Damage Taken 46018 | . 199 759 . 145 1980 1189 138 3821 329 54 139 736 425 1026 527 1615 . 1091 1187 . 1654 489 1004 2528 886 1809 1524 2710 3675 810 932 1482 3136 1710 6309 Core 4214 | . 29 145 . 26 198 127 . 484 22 . 24 42 22 86 . 191 . 119 80 . 67 23 55 124 34 48 64 184 142 54 108 66 244 96 1310 Absorbed by Shields 7672 | . . . . . . 46 . 97 . . 145 352 235 537 . 321 . . . . . 10 . . . 1013 121 266 471 796 906 269 52 959 1076 Reduced by Siege Mode 3377 | . . . . . . . . . . . . 6 40 45 48 97 . 39 159 . 62 . 156 94 . 174 237 310 369 145 45 . 371 260 720 Redirected to Shielding 128 | . . . . . . . . . . . . . . . . . . . . . . . . . . . . . . . . . . 23 105 Ignored by Resistances 121 | . . . . . . . . 48 . . . . . . . 73 . . . . . . . . . . . . . . . . . . . Regen/Repaired (Parts) 1994 | . . . . . . . . . . 318 28 351 222 243 258 . . . . . 76 . . . . 74 . . . . . 424 . . . Core Remaining (%) 64 | 100 . 30 . 93 . 40 . 30 . . . . . . . . . 40 . . . . . 65 . 92 . . 70 . 88 . . . . Volleys Fired 2083 | 13 27 19 4 13 112 71 7 147 14 87 15 50 26 46 23 129 . 66 30 33 52 43 32 115 20 128 41 78 138 33 99 73 112 97 90 Largest 3 | 2 2 2 3 3 3 3 3 3 1 2 2 3 3 3 3 3 . 3 3 3 3 3 3 3 3 3 3 3 3 3 3 3 3 3 3 Hottest 360 | 60 100 60 69 69 197 147 75 163 65 108 98 141 96 96 105 93 . 90 101 101 184 113 113 113 146 176 103 183 219 147 174 284 298 135 360 Shots Fired 4699 | 26 47 39 12 37 295 205 21 385 14 92 18 70 76 127 50 348 . 152 60 87 117 104 57 277 55 319 102 162 336 70 147 138 208 262 184 Gun 3589 | 26 6 . 12 36 170 203 21 368 . 64 3 23 74 120 40 333 . 142 50 84 97 96 42 253 52 297 94 126 291 39 28 . 41 250 108 Cannon 818 | . 34 39 . . 109 . . 17 14 25 13 38 . . 3 . . . . . 14 1 5 13 1 7 . 12 22 22 89 124 140 4 72 Launcher 20 | . 5 . . 1 11 2 . . . . . . . 1 . . . . . . . . . . . . . . . . . . . . . Special 272 | . 2 . . . 5 . . . . 3 2 9 2 6 7 15 . 10 10 3 6 7 10 11 2 15 8 24 23 9 30 14 27 8 4 Kinetic 3633 | 13 38 39 12 36 81 83 21 280 14 84 16 54 74 120 40 333 . 142 50 84 97 96 42 253 52 297 94 120 253 61 102 75 98 250 129 Thermal 679 | 13 4 . . . 188 120 . 72 . . . . . . 3 . . . . . 14 1 5 13 1 7 . 10 60 . . 49 64 4 51 Explosive 18 | . 5 . . 1 9 2 . . . . . . . 1 . . . . . . . . . . . . . . . . . . . . . Electromagnetic 104 | . . . . . 17 . . 33 . 5 . 7 . . . . . . . . . . . . . . . 8 . . 15 . 19 . . Robot Hit Streak 51 | 5 10 4 2 10 22 17 7 23 8 11 6 12 33 9 14 31 . 29 42 27 16 12 18 22 10 42 38 19 30 26 51 10 18 34 42 Robot Miss Streak 10 | 3 1 3 1 3 2 3 4 10 1 2 2 3 1 3 1 5 . 5 3 2 4 5 2 5 2 4 2 5 5 2 2 6 5 3 4 Penetration Max 2 | . . . . . . . . 1 1 1 . . . 1 . 1 . . 1 1 1 1 1 2 1 1 1 1 1 1 1 . 1 2 1 Secondary Targets 96 | . . . . . 2 11 1 11 . . . 1 1 5 1 8 . 4 4 2 . 2 3 12 1 3 . 4 9 . . . 2 8 1 Max Gunslinging Chain 2 | . . . . . 1 1 1 2 . . . 1 1 1 1 1 . 1 1 1 . 1 1 2 1 1 . 1 1 . . . 1 2 1 Shots Hit Robots 3318 | 14 27 21 6 19 214 127 16 259 11 81 13 40 61 60 39 260 . 119 44 75 63 52 44 176 41 220 86 119 253 53 120 74 127 216 168 Core Hits 1515 | 7 25 8 4 10 103 47 9 117 5 16 6 18 19 46 6 94 . 33 25 19 40 32 19 93 18 83 31 45 124 19 38 22 62 165 107 Critical Kills 50 | . . . . . 1 . . 4 . 3 . . 1 3 1 4 . . 2 1 3 2 . 1 1 4 1 1 2 . . . 2 10 3 Critical Parts Destroyed 45 | . . . . . 1 . . 1 . 1 . . . 2 1 1 . 4 . 1 1 2 1 2 2 3 . 1 2 . . . 1 11 7 Critical Strikes 165 | . 1 . . . 10 6 . 10 4 6 . 3 1 5 4 5 . 4 2 3 4 4 1 3 3 8 1 3 7 1 3 7 9 28 19 Burn 17 | . . . . . 8 6 . 3 . . . . . . . . . . . . . . . . . . . . . . . . . . . Meltdown 3 | . . . . . 1 . . . . . . . . . . . . . . . . . . . . . . . . . . . 2 . . Destroy 115 | . . . . . 1 . . 5 . 6 . . 1 5 4 5 . 4 2 3 4 4 1 3 3 8 1 2 5 . . . 1 28 19 Blast 26 | . 1 . . . . . . 2 4 . . 2 . . . . . . . . . . . . . . . . 2 1 3 6 5 . . Corrupt 3 | . . . . . . . . . . . . 1 . . . . . . . . . . . . . . . 1 . . . . 1 . . Sever 1 | . . . . . . . . . . . . . . . . . . . . . . . . . . . . . . . . 1 . . . Melee Attacks 257 | . . . . . 4 33 . 6 . 5 4 . . 11 8 16 . 17 5 . 9 23 2 14 . 42 1 7 4 7 12 3 6 17 1 Impact 43 | . . . . . 4 33 . 6 . . . . . . . . . . . . . . . . . . . . . . . . . . . Slashing 195 | . . . . . . . . . . 5 4 . . 11 8 16 . 1 2 . 9 23 2 14 . 42 1 7 4 7 12 3 6 17 1 Piercing 19 | . . . . . . . . . . . . . . . . . . 16 3 . . . . . . . . . . . . . . . . Sneak Attacks 16 | . . . . . . . . . . 5 . . . . 1 . . 5 1 . . . . . . . . 1 . 1 . . . 2 . Combat Hostiles . | . . . . . . . . . . . . . . . . . . . . . . . . . . . . . . . . . . . . Follow-up Attacks . | . . . . . . . . . . . . . . . . . . . . . . . . . . . . . . . . . . . . Damage Inflicted 92201 | 162 1153 373 88 422 5166 2836 308 4846 941 2965 716 1601 1095 1960 822 5834 . 2902 1484 2040 2427 1797 1001 5627 1038 4585 2162 2743 7280 1487 3382 3215 4494 7336 5913 Guns 66750 | 162 49 . 88 305 2091 2536 308 4349 . 1355 49 469 1095 1724 732 5834 . 2494 1364 2040 1939 1797 1001 5429 1014 4416 2162 2325 6593 904 750 . 686 7190 3500 Cannons 20477 | . 375 369 . . 1798 . . 420 924 1254 592 1092 . . . . . . . . 41 . . 198 . 169 . 281 687 502 2548 3094 3720 . 2413 Explosions 3164 | . 716 . . 117 1250 294 . . . . . . . 236 . . . . 27 . 436 . . . . . . . . . . . 88 . . Melee 1605 | . . . . . . . . 75 . 356 75 . . . 90 . . 408 93 . . . . . . . . 85 . 81 84 112 . 146 . Ramming 205 | . 13 4 . . 27 6 . 2 17 . . 40 . . . . . . . . 11 . . . 24 . . 52 . . . 9 . . . Kinetic 73442 | 96 403 369 88 305 1058 757 308 3781 924 2599 641 1428 1095 1724 732 5834 . 2494 1364 2040 1939 1797 1001 5429 1014 4416 2162 2177 5659 1406 2738 1999 2197 7190 4278 Thermal 12518 | 66 278 . . . 2533 1779 . 886 . . . . . . . . . . . . 304 . . 198 . 169 . 207 1621 . . 1095 1747 . 1635 Explosive 2264 | . 459 . . 117 985 294 . . . . . . . 236 . . . . . . 173 . . . . . . . . . . . . . . Electromagnetic 2167 | . . . . . 563 . . 102 . 10 . 133 . . . . . . 27 . . . . . . . . 222 . . 560 . 550 . . Impact 75 | . . . . . . . . 75 . . . . . . . . . . . . . . . . . . . . . . . . . . . Slashing 1029 | . . . . . . . . . . 356 75 . . . 90 . . . . . . . . . . . . 85 . 81 84 112 . 146 . Piercing 501 | . . . . . . . . . . . . . . . . . . 408 93 . . . . . . . . . . . . . . . . Highest Corruption 32 | . 1 1 . . 5 7 . 14 . . 1 2 2 11 11 18 18 21 1 23 30 30 30 32 2 5 9 13 13 4 5 1 3 5 21 Average Corruption 11 | . 1 1 . . 5 6 . 6 . . 1 1 2 6 11 17 18 20 1 12 27 30 30 31 1 2 5 10 13 3 4 1 2 3 14 Corruption Purged 10 | . . . . . . 7 . . . . . . . . . . . . . . . . . . . . . . . . . . 3 . . Corruption Blocked . | . . . . . . . . . . . . . . . . . . . . . . . . . . . . . . . . . . . . Effects 1097 | . 8 9 . . 56 44 . 52 . . 1 16 10 31 25 128 11 46 2 11 83 75 29 115 2 46 16 62 99 8 42 2 17 17 34 Message Errors 254 | . 4 3 . . 13 12 . 13 . . . 2 2 7 9 31 3 10 . 3 15 21 2 28 . 8 2 19 18 2 12 1 4 4 6 Matter Fused 229 | . . . . . 12 7 . 15 . . 1 3 1 11 4 33 2 6 . 3 15 16 5 27 1 10 3 11 21 . 5 1 6 2 8 Heat Flow Errors 151 | . 1 2 . . 6 10 . 6 . . . 3 1 3 3 20 1 14 1 2 11 5 6 10 . 9 1 7 19 1 4 . 3 1 1 Energy Discharges 103 | . 1 2 . . 6 2 . 4 . . . 2 2 4 1 9 3 2 1 . 9 10 1 7 1 3 4 6 13 1 3 . 2 2 2 Parts Rejected 18 | . . . . . 3 . . . . . . . . . . 1 . . . 1 3 1 2 1 . . 2 2 1 . 1 . . . . Parts Fused 10 | . . . . . . 1 . 1 . . . . . . . 1 . . . . 1 . . . . . . 2 2 . 1 . . 1 . Data Loss (minor) 118 | . 2 1 . . 6 9 . 2 . . . 4 1 2 2 12 2 4 . . 15 10 3 11 . 3 2 6 6 3 7 . 1 . 4 Data Loss (major) 38 | . . . . . 2 1 . 1 . . . . 1 . 1 4 . 2 . . 4 1 3 2 . 7 1 3 3 . 1 . . . 1 Misfires 60 | . . 1 . . 3 1 . 4 . . . 1 2 3 3 7 . 2 . . 4 3 . 8 . 2 . 3 7 . 1 . . 4 1 Alerts 25 | . . . . . 2 . . . . . . . . 1 . 4 . 1 . . 1 1 . 1 . . . . 4 . 5 . 1 1 3 Misdirections 6 | . . . . . . . . . . . . . . . . . . . . . . 1 3 . . . . 1 . . . . . . 1 Weapon Failures 85 | . . . . . 3 1 . 6 . . . 1 . . 2 6 . 5 . 2 5 6 4 20 . 4 1 2 5 1 2 . . 2 7 Overload Shots . | . . . . . . . . . . . . . . . . . . . . . . . . . . . . . . . . . . . . Overflow Damage 561 | . 75 12 . 2 21 27 . 23 70 17 37 95 . . . . . . . . . . . . . . . . . . 9 108 44 . 21 Projectiles 438 | . . 12 . . 19 . . 23 70 . 37 95 . . . . . . . . . . . . . . . . . . 9 108 44 . 21 Explosions 106 | . 75 . . 2 2 27 . . . . . . . . . . . . . . . . . . . . . . . . . . . . . Melee 17 | . . . . . . . . . . 17 . . . . . . . . . . . . . . . . . . . . . . . . . Knockbacks 67 | . 4 2 . . . . . 1 8 . 6 5 . . . . . . . . . . . . . . . . 5 1 7 11 11 . 6 Impact 1 | . . . . . . . . 1 . . . . . . . . . . . . . . . . . . . . . . . . . . . Kinetic 61 | . 4 2 . . . . . . 5 . 5 5 . . . . . . . . . . . . . . . . 5 1 7 10 11 . 6 Secondary 5 | . . . . . . . . . 3 . 1 . . . . . . . . . . . . . . . . . . . . 1 . . . Self-Inflicted Damage 109 | . 12 . . . . . . 1 . . . . . . . . . . . . 96 . . . . . . . . . . . . . . Shots 4 | . 2 . . . . . . . . . . . . . . . . . . . 2 . . . . . . . . . . . . . . Rammed 22 | . 3 1 . . 2 1 . 1 . . . 3 . . . . . . 1 . 1 . . . 2 . . 6 . . . 1 . . . Targets Rammed 27 | . 3 1 . . 3 2 . 1 3 . . 3 . . . . . . 1 . 1 . . . 2 . . 6 . . . 1 . . . Kicked 3 | . . . . . . . . . 3 . . . . . . . . . . . . . . . . . . . . . . . . . . Crushed 2 | . . . . . 1 1 . . . . . . . . . . . . . . . . . . . . . . . . . . . . . Highest Temperature 618 | . 257 268 . 9 230 247 . 377 38 . 20 618 139 149 187 359 191 255 137 255 268 278 242 234 176 247 54 211 366 240 363 194 358 148 601 Average Temperature 79 | . 52 63 . 3 50 102 . 85 13 . 11 76 65 31 56 96 118 102 40 133 95 61 66 71 92 91 17 72 105 83 58 99 94 27 143 Received Heat Transfer 7259 | . 36 135 . . 909 261 81 933 120 . 37 584 256 12 126 431 . 192 228 . 261 159 81 441 48 426 210 114 374 533 36 40 63 48 84 Effects 14 | . . . . . . 1 . . . . . 3 . . . 1 . . . . . . . . . . . . 4 . . . . . 5 Shutdowns 1 | . . . . . . . . . . . . 1 . . . . . . . . . . . . . . . . . . . . . . . Energy Bleed 2 | . . . . . . 1 . . . . . . . . . . . . . . . . . . . . . . 1 . . . . . . Interference 8 | . . . . . . . . . . . . . . . . 1 . . . . . . . . . . . . 3 . . . . . 4 Matter Decay 1 | . . . . . . . . . . . . 1 . . . . . . . . . . . . . . . . . . . . . . . Damage (minor) 1 | . . . . . . . . . . . . 1 . . . . . . . . . . . . . . . . . . . . . . . Damage (core) 1 | . . . . . . . . . . . . . . . . . . . . . . . . . . . . . . . . . . . 1 Siege Activations 74 | . . . . . . . . . . . . 1 1 3 1 8 . 4 2 . 4 2 1 3 . 7 2 5 9 1 4 . 6 6 4 Total Turns 1332 | . . . . . . . . . . . . 11 37 45 28 91 . 49 51 . 42 19 48 103 . 182 41 69 153 28 31 . 102 81 121 Longest Duration 82 | . . . . . . . . . . . . 11 37 24 28 47 . 19 40 . 16 13 48 73 . 67 27 39 26 28 13 . 34 27 82 Martial Activations . | . . . . . . . . . . . . . . . . . . . . . . . . . . . . . . . . . . . . Shielding Activations . | . . . . . . . . . . . . . . . . . . . . . . . . . . . . . . . . . . . . Robots Disrupted 1 | . . . . . . . . . . . . . . . . . . . . . . . . . . . . . . . . . 1 . . Combat Hostiles 1 | . . . . . . . . . . . . . . . . . . . . . . . . . . . . . . . . . 1 . . Robots Corrupted 10 | . . . . . 1 . . . . . . . . . . . . . . . . . . . . . . 2 . . 4 . 3 . . Combat Hostiles 10 | . . . . . 1 . . . . . . . . . . . . . . . . . . . . . . 2 . . 4 . 3 . . Parts Fried 11 | . . . . . 2 . . 1 . . . . 1 . . . . . . . . . . . . . . 3 . . 3 . . . 1 Impact Corruptions . | . . . . . . . . . . . . . . . . . . . . . . . . . . . . . . . . . . . . Robots Melted 6 | . . . . . 3 . . 1 . . . . . . . . . . . . . . . . . . . . . . . . 2 . . Combat Hostiles 6 | . . . . . 3 . . 1 . . . . . . . . . . . . . . . . . . . . . . . . 2 . . Parts Melted 34 | . 1 . . . 14 3 . 5 . . . . . . . . . . 1 . . . 1 . . . . . 1 2 . . 5 1 . Heat Transferred 16806 | 150 250 . . . 5587 3514 . 2272 . . . . . . . . . . . . 187 . . 185 . 148 . 185 1665 . . 925 1323 . 415 Parts Sabotaged 6 | . . . . . . . . . . . . . . . . 4 . . . . . . . 2 . . . . . . . . . . . Parts Stolen . | . . . . . . . . . . . . . . . . . . . . . . . . . . . . . . . . . . . . Parts Stripped . | . . . . . . . . . . . . . . . . . . . . . . . . . . . . . . . . . . . . Power Chain Reactions 1 | . . . . . . . . . . . . . . . . . . . . . . . . . . . . . . . . . 1 . . Alert | -11 -10 -10 -9 -9 -8 -8 -7 -7 -6 -6 -6 -6 -6 -6 -6 -6 -6 -6 -5 -5 -5 -5 -5 -5 -4 -4 -3 -3 -3 -2 -2 -1 -1 -1 -1 ------- Run | Yrd Mat Min Mat Min Mat Gar Fac Gar Fac Was Fac Gar Fac Gar Fac Gar Fac Gar Fac Was Fac Gar Fac Gar Fac Gar Res Qua Gar Res Gar Acc Gar Acc Com Maximum Alert Level 5 | . 1 . . . 2 5 3 5 4 2 1 4 3 4 3 5 3 4 2 1 1 3 3 4 2 4 2 . 3 2 2 1 2 1 1 Low Security (%) 25 | 100 80 100 100 100 51 . . . . 72 76 . . . . . . . . 77 39 8 . . . . 18 100 19 35 36 21 13 . 66 Level 1 19 | . 19 . . . 16 . . . . 25 23 11 . . . . . . . 22 60 20 . 5 55 31 2 . 33 17 34 78 45 100 33 Level 2 22 | . . . . . 31 17 . 3 . 1 . 6 . 28 63 17 . . 100 . . 49 79 43 44 33 79 . 38 47 28 . 41 . . Level 3 14 | . . . . . . 29 100 12 48 . . 36 100 11 36 24 100 33 . . . 21 20 36 . 31 . . 8 . . . . . . Level 4 13 | . . . . . . 35 . 66 51 . . 45 . 59 . 36 . 65 . . . . . 14 . 3 . . . . . . . . . Level 5 3 | . . . . . . 16 . 17 . . . . . . . 21 . . . . . . . . . . . . . . . . . . . High Security . | . . . . . . . . . . . . . . . . . . . . . . . . . . . . . . . . . . . . Max Security . | . . . . . . . . . . . . . . . . . . . . . . . . . . . . . . . . . . . . Peak Influence 2052 | 10 257 63 30 72 631 1833 971 2052 1163 400 395 1567 825 1466 769 1951 1024 1297 685 226 317 928 712 1300 682 1112 625 109 926 520 527 373 644 388 230 Initial 1077 | . 3 23 . . . 407 961 672 1077 400 . 262 822 523 769 410 1024 630 680 224 72 142 487 340 682 168 625 29 20 520 . 316 107 386 222 Average 565 | 1 97 8 2 15 266 1126 942 1344 1108 117 112 1043 765 1043 680 1197 959 1131 574 160 201 506 635 788 411 584 406 36 374 284 270 262 363 303 174 Influence Increases 21461 | 30 606 100 39 162 1307 1456 70 1560 138 6 565 1525 328 1003 104 1701 26 897 353 30 861 836 438 1210 144 1164 244 497 1196 225 667 522 717 592 142 Destroy 0b10 Robot/C 10177 | . 260 80 20 100 820 620 60 720 100 . 220 620 180 635 60 630 . 450 210 . 270 345 195 720 90 510 135 255 480 96 252 168 420 372 84 Destroy 0b10 Robot/NC 460 | 30 25 10 5 20 90 10 . 30 . . 5 5 5 . 4 36 . . 16 . 12 . 24 . . 24 8 8 12 6 6 9 3 45 12 Destroy Leader 1328 | . 54 10 12 . 202 30 10 30 20 . 40 20 70 40 16 64 . 72 32 . 80 24 40 48 32 40 32 42 30 24 24 58 48 64 20 Allied During Kill 2083 | . . . . . . . . 9 . . 265 468 53 59 3 161 . 303 12 . . 70 65 42 14 49 31 11 94 5 142 168 15 37 7 Successful Hack 229 | . 29 . 2 . 18 14 . 12 12 . . 21 . 14 . . . 11 3 . 27 . . 14 . . 4 39 . . . . 9 . . Select Force Hacks 60 | . 60 . . . . . . . . . . . . . . . . . . . . . . . . . . . . . . . . . . Disable Machine 663 | . 60 . . . 75 . . . . . . . 15 . 12 12 . . 36 . 156 24 36 36 . . 24 96 . 18 27 9 9 9 9 Anti-Garrison Action 4146 | . . . . . . 700 . 650 . . . 300 . 164 . 714 . . . . . 227 . 264 . 377 . . 480 . 150 . 120 . . Destroy Structure 1733 | . 73 . . 12 27 52 . 79 6 6 5 31 5 31 9 72 26 61 44 30 316 146 66 50 8 128 10 10 64 58 57 110 93 38 10 Partial Spotted 45 | . . . . . 15 . . . . . . . . . . . . . . . . . . . . . . 12 9 . . . . 9 . Lose Combat Pursuer 537 | . 45 . . 30 60 30 . 30 . . 30 60 . 60 . 12 . . . . . . 12 36 . 36 . 24 27 18 9 . . 18 . Influence Decreases 21461 | 25 551 160 37 164 680 250 942 469 1045 1151 190 333 1147 285 983 337 1077 500 1009 567 761 112 879 397 1204 292 1304 522 297 1151 140 915 207 888 490 Entered New Map 10247 | . 2 37 . 2 . 220 872 289 975 745 . 113 745 225 697 177 927 270 617 417 32 62 441 147 618 72 487 23 7 406 . 211 27 258 126 Time Decay 6548 | 25 399 123 37 162 601 . 70 . 60 396 160 . 362 . 246 . 150 . 392 130 559 . 198 . 246 . 362 413 . 341 . 404 . 490 222 Lost Part 701 | . . . . . 79 30 . 160 10 10 . . . . . 40 . 10 . . 20 . 10 50 . 40 . 40 50 . . 20 30 . 102 Lost Ally 2465 | . . . . . . . . 20 . . 30 220 40 60 40 120 . 220 . 20 . 50 80 200 40 180 80 46 240 29 140 280 150 140 40 Purge Threat 1500 | . 150 . . . . . . . . . . . . . . . . . . . 150 . 150 . 300 . 375 . . 375 . . . . . Squads Dispatched 77 | . 3 . . . 6 . 1 . . . 2 . 3 . 3 . . . 4 . 5 . 4 . 5 . 3 9 . 2 . 10 . 14 3 Investigation 14 | . 3 . . . 3 . . . . . 1 . . . 2 . . . . . 1 . 1 . 1 . . 1 . . . . . . 1 Extermination 21 | . . . . . . . . . . . . . 1 . 1 . . . 1 . 4 . 1 . . . 2 2 . 2 . 2 . 4 1 Reinforcement 19 | . . . . . 3 . . . . . . . 1 . . . . . . . . . 1 . 1 . 1 3 . . . 4 . 4 1 Assault 9 | . . . . . . . . . . . . . 1 . . . . . 3 . . . 1 . . . . . . . . 2 . 2 . Garrison 14 | . . . . . . . 1 . . . 1 . . . . . . . . . . . . . 3 . . 3 . . . 2 . 4 . Intercept . | . . . . . . . . . . . . . . . . . . . . . . . . . . . . . . . . . . . . Searches Triggered . | . . . . . . . . . . . . . . . . . . . . . . . . . . . . . . . . . . . . Unchained Authorized 2 | . . . . . . . . . . . . . . . . . . . . . . . . . . . 1 . . 1 . . . . . Construction Impeded 2 | . . . . . . . . . . . . . 1 . . . . . . . . . . . . . . . . . . . . 1 . Haulers Reinforced 3 | . . . . . . . . . . . . . . . . . . . . . . . . . . . . 1 . . . 1 . 1 . Active Scanning Responses . | . . . . . . . . . . . . . . . . . . . . . . . . . . . . . . . . . . . . Cargo Convoy Interrupts . | . . . . . . . . . . . . . . . . . . . . . . . . . . . . . . . . . . . . Alert ID Control Effect 64 | . . . . . . . . . . . . . . . . . . . . . . . . 1 . . 4 6 8 1 7 29 4 4 . Stealth | -11 -10 -10 -9 -9 -8 -8 -7 -7 -6 -6 -6 -6 -6 -6 -6 -6 -6 -6 -5 -5 -5 -5 -5 -5 -4 -4 -3 -3 -3 -2 -2 -1 -1 -1 -1 --------- Run | Yrd Mat Min Mat Min Mat Gar Fac Gar Fac Was Fac Gar Fac Gar Fac Gar Fac Gar Fac Was Fac Gar Fac Gar Fac Gar Res Qua Gar Res Gar Acc Gar Acc Com Distress Signals 21 | . 2 . . . 9 . . . . . . . 1 . . . . . . . . . 1 . . . . . . 1 . 1 . 6 . Communications Jammed 455 | . . . . . . . . . . . . . . . . . . . 10 . . . 1 . . . . 50 . 18 . 376 . . . Distress Signals 452 | . . . . . . . . . . . . . . . . . . . 10 . . . 1 . . . . 50 . 18 . 373 . . . Times Spotted 885 | . 23 8 1 8 52 33 3 40 4 6 12 37 10 34 7 50 . 30 32 6 22 25 17 57 8 36 18 34 65 23 35 36 49 52 12 Peak Tracking Total 14 | . 8 4 1 4 8 6 2 7 4 3 4 13 4 10 4 9 . 8 9 2 3 4 4 14 3 6 5 4 6 7 3 5 6 7 5 Tactical Retreats 32 | . 3 . . 1 4 2 . 2 . . 2 1 . 2 . 1 . . . . . . 1 2 . 3 . 1 3 1 1 . . 2 . Traps | -11 -10 -10 -9 -9 -8 -8 -7 -7 -6 -6 -6 -6 -6 -6 -6 -6 -6 -6 -5 -5 -5 -5 -5 -5 -4 -4 -3 -3 -3 -2 -2 -1 -1 -1 -1 ------- Run | Yrd Mat Min Mat Min Mat Gar Fac Gar Fac Was Fac Gar Fac Gar Fac Gar Fac Gar Fac Was Fac Gar Fac Gar Fac Gar Res Qua Gar Res Gar Acc Gar Acc Com Traps Triggered 52 | . 2 . . . 2 12 . 6 1 . 1 1 . . . 2 . . 2 . 3 1 . . 1 . 2 1 2 2 2 1 2 4 2 Indirectly . | . . . . . . . . . . . . . . . . . . . . . . . . . . . . . . . . . . . . Trap Hack Attempts . | . . . . . . . . . . . . . . . . . . . . . . . . . . . . . . . . . . . . Triggered . | . . . . . . . . . . . . . . . . . . . . . . . . . . . . . . . . . . . . Disarmed . | . . . . . . . . . . . . . . . . . . . . . . . . . . . . . . . . . . . . Reprogrammed . | . . . . . . . . . . . . . . . . . . . . . . . . . . . . . . . . . . . . Reused . | . . . . . . . . . . . . . . . . . . . . . . . . . . . . . . . . . . . . Traps Extracted . | . . . . . . . . . . . . . . . . . . . . . . . . . . . . . . . . . . . . Installed . | . . . . . . . . . . . . . . . . . . . . . . . . . . . . . . . . . . . . Triggered . | . . . . . . . . . . . . . . . . . . . . . . . . . . . . . . . . . . . . Machines | -11 -10 -10 -9 -9 -8 -8 -7 -7 -6 -6 -6 -6 -6 -6 -6 -6 -6 -6 -5 -5 -5 -5 -5 -5 -4 -4 -3 -3 -3 -2 -2 -1 -1 -1 -1 ---------- Run | Yrd Mat Min Mat Min Mat Gar Fac Gar Fac Was Fac Gar Fac Gar Fac Gar Fac Gar Fac Was Fac Gar Fac Gar Fac Gar Res Qua Gar Res Gar Acc Gar Acc Com Machines Disabled 109 | . 4 1 . . 5 4 . 8 . . . 6 1 3 1 5 . 1 3 . 13 7 3 6 . 6 3 9 6 2 7 1 2 1 1 Max in Single Turn 4 | . 3 1 . . 3 1 . 2 . . . 1 1 1 1 1 . 1 3 . 4 1 1 1 . 1 1 1 1 1 1 . 1 1 . Garrison Access 3 | . . . . . . . . . . . . . . . . . . . 1 . . . . . . . . . . . . 1 . 1 . Garrison Relay 46 | . . . . . . 4 . 8 . . . 4 . 3 . 4 . 1 . . . 4 . 3 . 5 . . 6 . 3 . 1 . . Machines Repaired . | . . . . . . . . . . . . . . . . . . . . . . . . . . . . . . . . . . . . Machines Dismantled . | . . . . . . . . . . . . . . . . . . . . . . . . . . . . . . . . . . . . Machines Sabotaged . | . . . . . . . . . . . . . . . . . . . . . . . . . . . . . . . . . . . . Overloaded Fab Kills . | . . . . . . . . . . . . . . . . . . . . . . . . . . . . . . . . . . . . Hacking | -11 -10 -10 -9 -9 -8 -8 -7 -7 -6 -6 -6 -6 -6 -6 -6 -6 -6 -6 -5 -5 -5 -5 -5 -5 -4 -4 -3 -3 -3 -2 -2 -1 -1 -1 -1 --------- Run | Yrd Mat Min Mat Min Mat Gar Fac Gar Fac Was Fac Gar Fac Gar Fac Gar Fac Gar Fac Was Fac Gar Fac Gar Fac Gar Res Qua Gar Res Gar Acc Gar Acc Com Machines Accessed 86 | . 8 . 1 . 6 1 1 1 1 . 2 4 3 3 5 1 2 1 2 . 9 4 3 2 3 2 3 8 2 4 1 1 1 . 1 Terminals 52 | . 6 . . . 4 1 . 1 . . . 4 1 3 1 1 . 1 . . 6 4 2 2 2 2 . 5 2 1 1 . 1 . 1 Fabricators 6 | . . . . . . . . . . . . . . . . . 1 . . . 1 . . . . . 3 . . 1 . . . . . Repair Stations 2 | . . . . . . . . . . . . . . . 2 . . . . . . . . . . . . . . . . . . . . Recycling Units 3 | . 2 . . . . . . . . . . . . . . . . . 1 . . . . . . . . . . . . . . . . Scanalyzers 10 | . . . 1 . 1 . . . 1 . 1 . 1 . 1 . . . . . 1 . . . . . . 2 . 1 . . . . . Garrison Access 13 | . . . . . 1 . 1 . . . 1 . 1 . 1 . 1 . 1 . 1 . 1 . 1 . . 1 . 1 . 1 . . . Total Hacks 177 | . 25 . 3 . 16 3 1 2 3 . 4 7 4 6 9 1 2 3 4 . 22 5 8 3 7 2 4 15 3 6 1 1 3 . 4 Successful 82 | . 18 . 3 . 9 1 1 1 2 . 1 3 3 1 3 . 2 1 3 . 9 . 2 1 4 . 2 8 . 1 . 1 1 . 1 Failed 93 | . 7 . . . 6 2 . 1 1 . 3 4 1 5 6 1 . 2 1 . 13 5 6 2 3 2 2 6 3 5 1 . 2 . 3 Catastrophic 27 | . . . . . . . . . . . . . . 1 2 1 . . . . 3 4 3 2 1 2 1 2 2 2 . . 1 . . Database Lockouts 2 | . . . . . 1 . . . . . . . . . . . . . . . . . . . . . . 1 . . . . . . . Manual 51 | . 18 . . . 6 . . 1 . . . . 1 . 3 . . . 2 . 8 . 7 1 . . 1 3 . . . . . . . Terminals 121 | . 23 . . . 13 3 . 2 . . . 7 2 6 1 1 . 3 . . 15 5 7 3 6 2 . 8 3 3 1 . 3 . 4 Fabricators 9 | . . . . . . . . . . . . . . . . . 1 . . . 3 . . . . . 4 . . 1 . . . . . Repair Stations 6 | . . . . . . . . . . . . . . . 6 . . . . . . . . . . . . . . . . . . . . Recycling Units 5 | . 2 . . . . . . . . . . . . . . . . . 3 . . . . . . . . . . . . . . . . Scanalyzers 23 | . . . 3 . 2 . . . 3 . 3 . 1 . 1 . . . . . 3 . . . . . . 6 . 1 . . . . . Garrison Access 13 | . . . . . 1 . 1 . . . 1 . 1 . 1 . 1 . 1 . 1 . 1 . 1 . . 1 . 1 . 1 . . . Terminal Hacks 34 | . 8 . . . 5 1 . 1 . . . 3 1 1 . . . 1 . . 4 . 1 1 3 . . 2 . . . . 1 . 1 Record 2 | . . . . . . . . . . . . . . . . . . . . . . . . . . . . 2 . . . . . . . Robot Analysis 1 | . 1 . . . . . . . . . . . . . . . . . . . . . . . . . . . . . . . . . . Prototype ID Bank 5 | . 2 . . . 1 . . . . . . . . . . . . . . . 1 . . . 1 . . . . . . . . . . Open Door 2 | . . . . . . . . . . . . 1 . . . . . . . . . . . . . . . . . . . . . . 1 Emergency Access Points 4 | . 1 . . . . 1 . 1 . . . 1 . . . . . . . . . . . . . . . . . . . . . . . Terminal Index 1 | . 1 . . . . . . . . . . . . . . . . . . . . . . . . . . . . . . . . . . Recycling Unit Index 1 | . 1 . . . . . . . . . . . . . . . . . . . . . . . . . . . . . . . . . . Garrison Index 1 | . . . . . 1 . . . . . . . . . . . . . . . . . . . . . . . . . . . . . . Unreport Threat 5 | . 1 . . . . . . . . . . . . . . . . . . . 1 . 1 . 2 . . . . . . . . . . Locate Traps 2 | . . . . . 1 . . . . . . . 1 . . . . . . . . . . . . . . . . . . . . . . Hauler Manifests 3 | . . . . . 2 . . . . . . . . . . . . . . . 1 . . . . . . . . . . . . . . Registered Components 1 | . . . . . . . . . . . . . . . . . . . . . 1 . . . . . . . . . . . . . . Zone Layout 1 | . 1 . . . . . . . . . . . . . . . . . . . . . . . . . . . . . . . . . . Garrison Registry 3 | . . . . . . . . . . . . 1 . . . . . 1 . . . . . . . . . . . . . . 1 . . Patrol Navigation 1 | . . . . . . . . . . . . . . 1 . . . . . . . . . . . . . . . . . . . . . Security Stations 1 | . . . . . . . . . . . . . . . . . . . . . . . . 1 . . . . . . . . . . . Fabricator Hacks 3 | . . . . . . . . . . . . . . . . . 1 . . . 1 . . . . . 1 . . . . . . . . Network Status 3 | . . . . . . . . . . . . . . . . . 1 . . . 1 . . . . . 1 . . . . . . . . Repair Station Hacks 1 | . . . . . . . . . . . . . . . 1 . . . . . . . . . . . . . . . . . . . . Scan Component 1 | . . . . . . . . . . . . . . . 1 . . . . . . . . . . . . . . . . . . . . Recycling Unit Hacks 1 | . . . . . . . . . . . . . . . . . . . 1 . . . . . . . . . . . . . . . . Retrieve Components 1 | . . . . . . . . . . . . . . . . . . . 1 . . . . . . . . . . . . . . . . Scanalyzer 12 | . . . 3 . 1 . . . 2 . . . 1 . . . . . . . 1 . . . . . . 4 . . . . . . . Insert Component 1 | . . . . . . . . . 1 . . . . . . . . . . . . . . . . . . . . . . . . . . Retrieve Study 11 | . . . 3 . 1 . . . 1 . . . 1 . . . . . . . 1 . . . . . . 4 . . . . . . . Garrison Access Hacks 13 | . . . . . 1 . 1 . . . 1 . 1 . 1 . 1 . 1 . 1 . 1 . 1 . . 1 . 1 . 1 . . . Unlock Access 12 | . . . . . 1 . 1 . . . 1 . 1 . 1 . 1 . . . 1 . 1 . 1 . . 1 . 1 . 1 . . . Seal Access 1 | . . . . . . . . . . . . . . . . . . . 1 . . . . . . . . . . . . . . . . Unauthorized Hacks 18 | . 10 . . . 2 . . . . . . . . . 1 . . . 1 . 2 . . . . . 1 1 . . . . . . . Terminals 13 | . 8 . . . 2 . . . . . . . . . . . . . . . 2 . . . . . . 1 . . . . . . . Botnet 5 | . 2 . . . 1 . . . . . . . . . . . . . . . 1 . . . . . . 1 . . . . . . . Operators 1 | . . . . . . . . . . . . . . . . . . . . . 1 . . . . . . . . . . . . . . Skim 7 | . 6 . . . 1 . . . . . . . . . . . . . . . . . . . . . . . . . . . . . . Fabricators 1 | . . . . . . . . . . . . . . . . . . . . . . . . . . . 1 . . . . . . . . Haulers 1 | . . . . . . . . . . . . . . . . . . . . . . . . . . . 1 . . . . . . . . Repair Stations 1 | . . . . . . . . . . . . . . . 1 . . . . . . . . . . . . . . . . . . . . Patch 1 | . . . . . . . . . . . . . . . 1 . . . . . . . . . . . . . . . . . . . . Recycling Units 3 | . 2 . . . . . . . . . . . . . . . . . 1 . . . . . . . . . . . . . . . . Reject 1 | . . . . . . . . . . . . . . . . . . . 1 . . . . . . . . . . . . . . . . Tunnel 2 | . 2 . . . . . . . . . . . . . . . . . . . . . . . . . . . . . . . . . . Scanalyzers . | . . . . . . . . . . . . . . . . . . . . . . . . . . . . . . . . . . . . Garrison Access . | . . . . . . . . . . . . . . . . . . . . . . . . . . . . . . . . . . . . Data Cores Recovered 3 | . . . . . 1 . . . . . . . . . . . . . . . . . 1 . . . . . . . . 1 . . . Used . | . . . . . . . . . . . . . . . . . . . . . . . . . . . . . . . . . . . . Hacking Detections 72 | . 6 . 1 . 4 1 1 1 1 . 2 4 2 3 4 1 1 1 1 . 8 4 3 1 2 2 3 5 2 4 1 1 1 . 1 Full Trace Events 11 | . 1 . . . 1 . . . . . 1 . . 1 1 . . . . . 1 . 1 . 1 . . 1 . . . . 1 . 1 Feedback Events 1 | . . . . . . . . . . . . . . 1 . . . . . . . . . . . . . . . . . . . . . Corruption 1 | . . . . . . . . . . . . . . 1 . . . . . . . . . . . . . . . . . . . . . Feedback Blocked . | . . . . . . . . . . . . . . . . . . . . . . . . . . . . . . . . . . . . Robot Schematics Acquired 2 | . . . . . . . . . . . . . . . . . . . . . . . . . . . . 2 . . . . . . . Robots Built . | . . . . . . . . . . . . . . . . . . . . . . . . . . . . . . . . . . . . Authchips . | . . . . . . . . . . . . . . . . . . . . . . . . . . . . . . . . . . . . Time . | . . . . . . . . . . . . . . . . . . . . . . . . . . . . . . . . . . . . Total Robot Build Rating . | . . . . . . . . . . . . . . . . . . . . . . . . . . . . . . . . . . . . Part Schematics Acquired 7 | . . . . . . . . . . . . . . . . . . . . . . . . . . . . 7 . . . . . . . Parts Built . | . . . . . . . . . . . . . . . . . . . . . . . . . . . . . . . . . . . . Authchips . | . . . . . . . . . . . . . . . . . . . . . . . . . . . . . . . . . . . . Time . | . . . . . . . . . . . . . . . . . . . . . . . . . . . . . . . . . . . . Total Part Build Rating . | . . . . . . . . . . . . . . . . . . . . . . . . . . . . . . . . . . . . Part Studies Acquired 11 | . . . 3 . 1 . . . 1 . . . 1 . . . . . . . 1 . . . . . . 4 . . . . . . . Parts Repaired . | . . . . . . . . . . . . . . . . . . . . . . . . . . . . . . . . . . . . Time . | . . . . . . . . . . . . . . . . . . . . . . . . . . . . . . . . . . . . Parts Recycled . | . . . . . . . . . . . . . . . . . . . . . . . . . . . . . . . . . . . . Recycled Matter . | . . . . . . . . . . . . . . . . . . . . . . . . . . . . . . . . . . . . Retrieved Matter . | . . . . . . . . . . . . . . . . . . . . . . . . . . . . . . . . . . . . Retrieved Components 1 | . . . . . . . . . . . . . . . . . . . 1 . . . . . . . . . . . . . . . . Parts Scanalyzed 1 | . . . . . . . . . 1 . . . . . . . . . . . . . . . . . . . . . . . . . . Part Schematics Acquired . | . . . . . . . . . . . . . . . . . . . . . . . . . . . . . . . . . . . . Parts Damaged . | . . . . . . . . . . . . . . . . . . . . . . . . . . . . . . . . . . . . Bothacking | -11 -10 -10 -9 -9 -8 -8 -7 -7 -6 -6 -6 -6 -6 -6 -6 -6 -6 -6 -5 -5 -5 -5 -5 -5 -4 -4 -3 -3 -3 -2 -2 -1 -1 -1 -1 ------------ Run | Yrd Mat Min Mat Min Mat Gar Fac Gar Fac Was Fac Gar Fac Gar Fac Gar Fac Gar Fac Was Fac Gar Fac Gar Fac Gar Res Qua Gar Res Gar Acc Gar Acc Com Used RIF Installer 13 | . . . . . . 1 . 1 . . . 1 . 2 . 1 . 1 . . . 1 . 1 . 1 . . 1 . 1 . 1 . . Coupler Efficiency 1 | . . . . . . . . . . . . 1 . . . . . . . . . . . . . . . . . . . . . . . Hotswap 1 | . . . . . . . . 1 . . . . . . . . . . . . . . . . . . . . . . . . . . . Command Fork 1 | . . . . . . . . . . . . . . . . . . . . . . 1 . . . . . . . . . . . . . Threat Obfuscator 2 | . . . . . . . . . . . . . . 1 . . . . . . . . . . . . . . 1 . . . . . . Signal Jammer 1 | . . . . . . . . . . . . . . . . . . 1 . . . . . . . . . . . . . . . . . Robot Detection 1 | . . . . . . . . . . . . . . . . . . . . . . . . . . . . . . . . . 1 . . Watcher Feeds 1 | . . . . . . . . . . . . . . . . 1 . . . . . . . . . . . . . . . . . . . Patrol Navigation 1 | . . . . . . . . . . . . . . . . . . . . . . . . . . 1 . . . . . . . . . Alert ID Control 1 | . . . . . . . . . . . . . . . . . . . . . . . . 1 . . . . . . . . . . . Autooverride 1 | . . . . . . . . . . . . . . 1 . . . . . . . . . . . . . . . . . . . . . Autoassimilate 1 | . . . . . . . . . . . . . . . . . . . . . . . . . . . . . . . 1 . . . . Robots Hacked 155 | . . . . . . . . . . 3 1 6 1 4 4 9 . 6 6 3 5 7 6 6 2 8 3 11 11 2 11 15 12 11 2 Non-combat 27 | . . . . . . . . . . . 1 . 1 1 1 . . . 2 . 5 . 2 . . 1 2 3 . 1 . 5 1 1 . Combat 128 | . . . . . . . . . . 3 . 6 . 3 3 9 . 6 4 3 . 7 4 6 2 7 1 8 11 1 11 10 11 10 2 Autooverrided 27 | . . . . . . . . . . . . . . 1 . 3 . 1 . . . 3 1 2 . 2 . . 3 . 1 4 2 4 . Autoassimilated 8 | . . . . . . . . . . . . . . . . . . . . . . . . . . . . . . . 1 3 2 2 . Robot Hacks Applied 139 | . . . . . . . . . . 3 1 6 2 3 5 6 . 7 7 3 5 4 8 4 2 6 6 15 8 6 9 8 8 5 2 parse_system 8 | . . . . . . . . . . . . . . 1 . . . . . . 1 . 3 . . . . 1 . . . . 1 1 . no_distress 1 | . . . . . . . . . . . . . . . . . . . . . . . . . . . . 1 . . . . . . . find_chute 1 | . . . . . . . . . . . . . . . . . . . 1 . . . . . . . . . . . . . . . . map_walls 1 | . . . . . . . . . . . . . . . . . . . . . 1 . . . . . . . . . . . . . . map_earth 1 | . . . . . . . . . . . . . . . . . . . . . . . 1 . . . . . . . . . . . . drop_inventory 9 | . . . . . . . . . . . 1 . 1 . 1 . . . 1 . . . . . . . 1 . . . . 4 . . . locate_stockpiles 1 | . . . . . . . . . . . . . 1 . . . . . . . . . . . . . . . . . . . . . . find_recycling 1 | . . . . . . . . . . . . . . . . . . . . . 1 . . . . . . . . . . . . . . purge_threat 6 | . . . . . . . . . . . . . . . . . . . . . . . . . . . 3 . . 3 . . . . . block_reporting 1 | . . . . . . . . . . . . . . . . . . . . . . . . . . . . . . 1 . . . . . mark_security 1 | . . . . . . . . . . . . . . . . . . . . . . . . . . . . 1 . . . . . . . disable_scanner 4 | . . . . . . . . . . . . . . . . . . . . . . . . . . . . 4 . . . . . . . locate_prototypes 2 | . . . . . . . . . . . . . . . . . . . . . . . . . . . . 2 . . . . . . . ignore_targets 6 | . . . . . . . . . . 3 . . . . . . . . . 3 . . . . . . . . . . . . . . . find_garrison 2 | . . . . . . . . . . . . . . . 1 . . . . . . . 1 . . . . . . . . . . . . link_fov 1 | . . . . . . . . . . . . . . . . . . . . . 1 . . . . . . . . . . . . . . spike_heat 1 | . . . . . . . . . . . . . . . . 1 . . . . . . . . . . . . . . . . . . . amplify_resonance 17 | . . . . . . . . . . . . 3 . . . 1 . . 2 . . . 1 . . . . . 2 . 3 . 4 1 . reboot_system 1 | . . . . . . . . . . . . . . . . . . 1 . . . . . . . . . . . . . . . . . overwrite_iff 18 | . . . . . . . . . . . . . . . 1 . . 3 3 . . . 1 . . 3 . 1 2 . . . 3 1 . streamctrl_high 1 | . . . . . . . . . . . . . . . . . . . . . . . . . . . . 1 . . . . . . . formatsys_low 5 | . . . . . . . . . . . . . . . . . . . . . 1 . . . . 1 1 . . 1 . 1 . . . formatsys_high 50 | . . . . . . . . . . . . 3 . 2 2 4 . 3 . . . 4 1 4 2 2 1 4 4 1 6 3 . 2 2 Relay Couplers Released 194 | . . . . . . 19 . 32 . . . 14 . 14 . 16 . 4 . . . 18 . 14 . 18 . 3 25 . 12 1 3 1 . Machine Destruction 188 | . . . . . . 16 . 32 . . . 14 . 14 . 16 . 4 . . . 18 . 14 . 18 . . 25 . 12 1 3 1 . Programmers 6 | . . . . . . 3 . . . . . . . . . . . . . . . . . . . . . 3 . . . . . . . Attached 57 | . . . . . . . . . . 1 . 3 1 4 1 3 1 5 2 . . 4 3 3 2 3 2 . 7 2 4 3 1 1 1 Fabnet Peak Effective % . | . . . . . . . . . . . . . . . . . . . . . . . . . . . . . . . . . . . . Robots Rewired 33 | . . . . . . . . 3 . . . 3 . . . 8 . . . . . . . 4 . 3 . . 6 . 6 . . . . Allies Hacked 13 | . . . . . . . . . . . . 2 . 4 . . . 1 . . 1 . . . . . 2 . . . . 1 . 2 . Hacks Repelled . | . . . . . . . . . . . . . . . . . . . . . . . . . . . . . . . . . . . . Allies | -11 -10 -10 -9 -9 -8 -8 -7 -7 -6 -6 -6 -6 -6 -6 -6 -6 -6 -6 -5 -5 -5 -5 -5 -5 -4 -4 -3 -3 -3 -2 -2 -1 -1 -1 -1 -------- Run | Yrd Mat Min Mat Min Mat Gar Fac Gar Fac Was Fac Gar Fac Gar Fac Gar Fac Gar Fac Was Fac Gar Fac Gar Fac Gar Res Qua Gar Res Gar Acc Gar Acc Com Total Allies 171 | . . . . . . . . 3 . 19 . 6 . 3 3 17 . 6 3 1 1 8 3 13 2 11 2 5 17 2 16 12 7 9 2 Largest Group 19 | . . . . . . . . 3 . 19 17 14 5 4 2 10 10 9 2 1 1 5 4 4 2 4 5 3 6 2 10 9 3 3 2 Highest-Rated Group 684 | . . . . . . . . 120 . 684 584 530 154 132 58 494 494 470 76 31 23 247 218 111 100 198 253 168 231 90 677 619 106 311 428 Highest-Rated Ally 215 | . . . . . . . . 40 . 50 46 46 44 41 41 148 148 148 47 31 23 85 85 49 50 148 64 56 64 64 89 89 69 183 215 Total Orders 29 | . . . . . . . . . . . . . . . . 7 . . . . 4 4 . 1 . 8 . . 2 . . 1 . . 2 STAY 13 | . . . . . . . . . . . . . . . . 3 . . . . 1 2 . 1 . 4 . . 1 . . . . . 1 ROAM 1 | . . . . . . . . . . . . . . . . 1 . . . . . . . . . . . . . . . . . . . FOLLOW 11 | . . . . . . . . . . . . . . . . 3 . . . . 1 2 . . . 3 . . 1 . . . . . 1 AID 4 | . . . . . . . . . . . . . . . . . . . . . 2 . . . . 1 . . . . . 1 . . . Ally Attacks 1047 | . . . . . . . . 8 . . 35 99 17 15 9 102 . 77 10 27 . 42 33 57 4 32 22 27 87 12 72 162 22 55 21 Total Damage 33687 | . . . . . . . . 285 . . 708 2464 469 480 135 3111 . 2105 260 417 . 900 1287 1136 129 977 729 775 2743 681 2660 6889 697 1998 1652 Kills 183 | . . . . . . . . 2 . . 9 21 2 7 1 16 . 19 1 . . 8 11 6 . 7 4 6 11 1 11 31 5 4 . Allies Corrupted 11 | . . . . . . . . . . . 1 1 . . . . . 1 . . . . . 2 . 1 2 . . 1 . 1 . . 1 Allies Melted 3 | . . . . . . . . . . . . . . . . 1 . . . . . 1 . . . . . . . . 1 . . . . Intel | -11 -10 -10 -9 -9 -8 -8 -7 -7 -6 -6 -6 -6 -6 -6 -6 -6 -6 -6 -5 -5 -5 -5 -5 -5 -4 -4 -3 -3 -3 -2 -2 -1 -1 -1 -1 ------- Run | Yrd Mat Min Mat Min Mat Gar Fac Gar Fac Was Fac Gar Fac Gar Fac Gar Fac Gar Fac Was Fac Gar Fac Gar Fac Gar Res Qua Gar Res Gar Acc Gar Acc Com Active Infowar (turns) 29485 | 59 1454 815 264 724 230 . . 762 127 1469 389 1254 834 32 . . . 219 920 271 1648 1351 414 1832 521 2179 826 1704 2467 850 1684 966 1366 1280 574 Optics 25939 | . . . . . . . . 762 127 1469 389 1254 834 32 . . . 219 920 271 1648 1351 414 1832 521 2179 826 1704 2467 850 1684 966 1366 1280 574 Terrain 786 | 59 727 . . . . . . . . . . . . . . . . . . . . . . . . . . . . . . . . . . Seismic 3488 | 1 1454 815 264 724 230 . . . . . . . . . . . . . . . . . . . . . . . . . . . . . . ECM 2 | . . . . . . . . . . . . . . . . . . . . . . . . . . . . 2 . . . . . . . Robot Analysis Total 1 | . 1 . . . . . . . . . . . . . . . . . . . . . . . . . . . . . . . . . . Derelict Logs Recovered 2 | . . 1 . 1 . . . . . . . . . . . . . . . . . . . . . . . . . . . . . . . Drone Launches . | . . . . . . . . . . . . . . . . . . . . . . . . . . . . . . . . . . . . Drone Recoveries . | . . . . . . . . . . . . . . . . . . . . . . . . . . . . . . . . . . . . Exploration | -11 -10 -10 -9 -9 -8 -8 -7 -7 -6 -6 -6 -6 -6 -6 -6 -6 -6 -6 -5 -5 -5 -5 -5 -5 -4 -4 -3 -3 -3 -2 -2 -1 -1 -1 -1 ------------- Run | Yrd Mat Min Mat Min Mat Gar Fac Gar Fac Was Fac Gar Fac Gar Fac Gar Fac Gar Fac Was Fac Gar Fac Gar Fac Gar Res Qua Gar Res Gar Acc Gar Acc Com Turns Passed 41044 | 155 1454 815 264 724 2250 2515 141 2190 127 1469 389 1254 834 1002 526 2857 309 916 920 271 1648 1351 414 1832 521 2179 826 1704 2467 850 1684 966 1366 1280 574 Spaces Moved 18364 | 67 586 242 148 425 883 895 63 1070 69 774 188 614 452 480 260 1283 167 356 446 89 822 673 176 769 251 861 380 694 1131 422 827 471 591 534 205 Core 26 | 3 . . . . . . . . . . . . . . . . . . . . . . . . . . . . . . . . . . 23 Treads 17538 | 64 586 242 148 425 883 895 63 474 . 640 188 614 452 480 260 1283 167 356 445 89 822 673 176 769 251 861 380 694 1131 422 827 471 591 534 182 Legs 488 | . . . . . . . . 284 69 134 . . . . . . . . 1 . . . . . . . . . . . . . . . . Wheels 312 | . . . . . . . . 312 . . . . . . . . . . . . . . . . . . . . . . . . . . . Hover . | . . . . . . . . . . . . . . . . . . . . . . . . . . . . . . . . . . . . Flight . | . . . . . . . . . . . . . . . . . . . . . . . . . . . . . . . . . . . . Fastest Speed 50 | 50 160 240 160 160 160 219 158 115 108 108 152 155 158 158 158 157 166 166 166 163 160 160 160 163 161 161 170 170 160 158 158 158 158 166 50 Average Speed 166 | 155 164 240 160 160 195 221 158 138 117 149 152 155 158 158 158 162 166 166 166 163 161 160 161 165 163 168 170 190 164 160 158 158 162 167 150 Slowest Speed 350 | 160 240 240 160 160 246 224 158 240 120 350 155 158 158 158 158 166 166 170 320 166 163 160 165 246 165 317 170 240 255 163 158 158 166 222 210 Overloaded Moves . | . . . . . . . . . . . . . . . . . . . . . . . . . . . . . . . . . . . . Propulsion Burnouts . | . . . . . . . . . . . . . . . . . . . . . . . . . . . . . . . . . . . . Robots Hopped . | . . . . . . . . . . . . . . . . . . . . . . . . . . . . . . . . . . . . Potential Cave-ins . | . . . . . . . . . . . . . . . . . . . . . . . . . . . . . . . . . . . . Cave-ins Triggered . | . . . . . . . . . . . . . . . . . . . . . . . . . . . . . . . . . . . . Exploration Rate (%) 49 | 6 92 64 13 99 76 87 2 87 2 94 8 85 20 77 11 91 12 61 20 80 38 76 8 82 10 90 21 89 79 21 77 22 62 25 10 Regions Visited 35 Branch Regions 4 Pre-discovered Areas 3 | . 2 . . 1 . . . . . . . . . . . . . . . . . . . . . . . . . . . . . . . Known Exits Taken 15 | . 1 1 1 . 1 . 1 . . . 1 . 1 . 1 . 1 . . . 1 . 1 . 1 . . 1 . 1 . 1 . . . Unknown Exits Taken 4 | 1 . . . 1 . . . . . . . . . . . . . . . . . . . . . . 1 . . . . . . 1 . Scrap Searched 2 | . . 1 . 1 . . . . . . . . . . . . . . . . . . . . . . . . . . . . . . . Spaces Dug 244 | . 45 . . 12 6 7 . . . . . 1 . 25 8 7 . 2 4 . 17 15 3 13 2 32 1 3 1 7 5 6 12 10 . Terrain Destroyed 790 | . 67 . . 12 26 7 . 11 6 6 5 9 4 31 10 8 . 2 21 23 178 43 14 29 7 45 5 6 51 35 20 47 43 15 4 Melee 126 | . . . . . 2 7 . . . . . . . 8 7 7 . 2 4 . 9 12 2 10 . 29 1 2 1 5 5 . 3 10 . Projectile 408 | . 2 . . . 5 . . 11 6 6 5 9 3 5 3 1 . . 17 23 68 31 12 17 7 14 2 4 47 15 15 47 31 1 1 AOE 237 | . 65 . . 12 19 . . . . . . . . 17 . . . . . . 101 . . . . . . . . 14 . . 9 . . Terrain Rammed . | . . . . . . . . . . . . . . . . . . . . . . . . . . . . . . . . . . . . Walls Destroyed . | . . . . . . . . . . . . . . . . . . . . . . . . . . . . . . . . . . . . Machines Disabled . | . . . . . . . . . . . . . . . . . . . . . . . . . . . . . . . . . . . . Actions | -11 -10 -10 -9 -9 -8 -8 -7 -7 -6 -6 -6 -6 -6 -6 -6 -6 -6 -6 -5 -5 -5 -5 -5 -5 -4 -4 -3 -3 -3 -2 -2 -1 -1 -1 -1 --------- Run | Yrd Mat Min Mat Min Mat Gar Fac Gar Fac Was Fac Gar Fac Gar Fac Gar Fac Gar Fac Was Fac Gar Fac Gar Fac Gar Res Qua Gar Res Gar Acc Gar Acc Com Total 25226 | 89 1021 440 167 440 1160 1249 89 1470 95 984 261 844 517 613 325 1850 198 546 567 147 1023 832 251 1089 314 1297 499 980 1556 534 1121 620 893 770 375 Wait 2406 | . 355 170 5 . 31 185 10 73 . 80 40 53 32 34 13 260 29 53 42 . 82 44 10 64 16 122 29 84 119 25 117 37 95 63 34 Move 18342 | 66 585 241 147 424 883 894 63 1069 69 773 188 613 452 479 260 1282 167 355 446 88 822 672 176 768 250 860 379 694 1130 422 826 471 590 533 205 Hop . | . . . . . . . . . . . . . . . . . . . . . . . . . . . . . . . . . . . . Pick Up 368 | 3 24 2 2 . 35 11 1 36 2 12 5 19 1 8 2 17 1 6 8 4 3 12 4 16 4 20 8 22 30 6 10 3 14 11 6 Fast Attach 196 | 7 1 1 1 . 5 5 . 22 . 2 1 5 . . 1 9 . 9 2 3 10 2 6 18 1 12 7 11 26 6 6 3 9 2 3 Attach 126 | . . 2 4 . 12 2 3 17 5 3 1 5 . 2 . 7 . 1 3 1 2 4 2 6 2 5 2 8 5 2 1 4 3 1 11 Detach 63 | . 1 . 1 . 3 . . 7 2 . 2 3 . 2 1 4 . 5 1 2 . 2 2 5 . 2 2 4 6 2 1 1 2 . . Swap 663 | . 14 2 1 3 44 17 2 24 . 8 3 10 5 26 14 26 1 26 20 9 34 21 14 27 15 27 18 46 45 19 35 20 43 31 13 Drop 421 | . 11 2 2 . 28 14 3 41 . 14 2 19 1 5 3 22 . 8 9 7 8 9 3 24 3 29 12 20 49 12 12 4 18 15 12 Fire 2083 | 13 27 19 4 13 112 71 7 147 14 87 15 50 26 46 23 129 . 66 30 33 52 43 32 115 20 128 41 78 138 33 99 73 112 97 90 Melee 257 | . . . . . 4 33 . 6 . 5 4 . . 11 8 16 . 17 5 . 9 23 2 14 . 42 1 7 4 7 12 3 6 17 1 Ram 1 | . . . . . . . . 1 . . . . . . . . . . . . . . . . . . . . . . . . . . . Kick 3 | . . . . . . . . . 3 . . . . . . . . . . . . . . . . . . . . . . . . . . Crush 23 | . 3 1 . . 3 2 . . . . . 3 . . . . . . 1 . 1 . . . 2 . . 6 . . . 1 . . . Escape Stasis 32 | . . . . . . 14 . 15 . . . . . . . . . . . . . . . . . 1 . . . . 1 . 1 . . Rewire 242 | . . . . . . 1 . 12 . . . 64 . . . 78 . . . . . . . 32 1 49 . . 4 . 1 . . . . Trap . | . . . . . . . . . . . . . . . . . . . . . . . . . . . . . . . . . . . . Miscellaneous . | . . . . . . . . . . . . . . . . . . . . . . . . . . . . . . . . . . . . Route ------- -11/Scrapyard -10/Materials (discovered 6 exits: *Mat x3 / *Min x2 / Sub) -10/Mines (discovered 2 exits: *Mat / *Exi) -9/Materials (discovered 2 exits: *Min x2) -9/Mines (discovered 2 exits: *Mat x2) -8/Materials (discovered 5 exits: *Fac x2 / *Sto x2 / Gar) -8/Garrison (discovered 3 exits: *Fac x3) -7/Factory -7/Garrison (discovered 3 exits: *Fac x3) -6/Factory -6/Waste -6/Factory -6/Garrison (discovered 3 exits: *Fac x3) -6/Factory (discovered 3 exits: *Fac / [*Low] / Gar) -6/Garrison (discovered 3 exits: *Fac x2 / *Fac) -6/Factory -6/Garrison (discovered 4 exits: *Fac x3 / *Fac) -6/Factory -6/Garrison (discovered 3 exits: *Fac x3) -5/Factory -5/Waste -5/Factory (discovered 3 exits: *Fac x2 / Gar) -5/Garrison (discovered 3 exits: *Fac x3) -5/Factory -5/Garrison (discovered 3 exits: *Fac x3) -4/Factory -4/Garrison (discovered 3 exits: *Res x3) -3/Research (discovered 2 exits: *Res / *Qua) -3/Quarantine (discovered 2 exits: *Res / Gar) -3/Garrison (discovered 3 exits: *Res x3) -2/Research -2/Garrison (discovered 3 exits: *Acc x3) -1/Access -1/Garrison (discovered 3 exits: [*Acc x3]) -1/Access -1/Command History --------- Turn | Location | Event 12 | -11/Scrapyard | Discovered new exit (range 15) 156 | -11/Scrapyard | Entered Materials 315 | -10/Materials | Build established: Mutant 384 | -10/Materials | Discovered new exit (range 11) 945 | -10/Materials | Discovered new exit (range 16) 1183 | -10/Materials | Discovered new exit (range 7) 1325 | -10/Materials | Identified exit to Mines 1325 | -10/Materials | Identified exit to Materials 1325 | -10/Materials | Identified exit to Subcaves 1381 | -10/Materials | Learned 4 Subcaves zone layouts 1427 | -10/Materials | Learned 4 Recycling zone layouts 1484 | -10/Materials | Learned Storage trap positions 1522 | -10/Materials | Learned Storage emergency access door positions 1604 | -10/Materials | Learned location of 2 exits from Mines 1610 | -10/Materials | Entered Mines 1611 | -10/Mines | Identified exit to Exiles 1768 | -10/Mines | Received a Rocket Launcher from a helpful Derelict 2029 | -10/Mines | Learned Materials stockpile data 2107 | -10/Mines | Assembled infested the area 2358 | -10/Mines | Deemed a non-threat by the Exiles lab entrance 2415 | -10/Mines | Core integrity fell below 50% 2425 | -10/Mines | Entered Materials 2425 | -9/Materials | Evolved 2 slots: Propulsion x1, Weapon x1 2426 | -9/Materials | Identified exit to Mines 2452 | -9/Materials | Lost 4 parts (1p2n1w) 2689 | -9/Materials | Entered Mines 2711 | -9/Mines | Build established: Gunner 2893 | -9/Mines | Discovered new exit (range 14) 3092 | -9/Mines | Discovered new exit (range 14) 3413 | -9/Mines | Entered Materials 3413 | -8/Materials | Evolved 2 slots: Utility x2 3414 | -8/Materials | Identified exit to Storage 4043 | -8/Materials | Discovered new exit (range 16) 4086 | -8/Materials | Lost 3 parts (2n1w) 4198 | -8/Materials | Discovered exit to Storage (range 11) 4234 | -8/Materials | Discovered new exit (range 15) 4419 | -8/Materials | Build established: Scavenger-Gunner 4629 | -8/Materials | Lost 3 parts (1p2n) 4978 | -8/Materials | Destroyed 8 combat bots 5072 | -8/Materials | Central database locked down 5153 | -8/Materials | Build established: Gunner 5663 | -8/Materials | Identified exit to Garrison 5663 | -8/Materials | Entered Garrison 5717 | -8/Garrison | Triggered checkpoint 5742 | -8/Garrison | Garrison Relay disabled 5982 | -8/Garrison | Triggered checkpoint 6106 | -8/Garrison | Core integrity fell below 50% 6147 | -8/Garrison | Destroyed 7 combat bots 6211 | -8/Garrison | Triggered checkpoint 6255 | -8/Garrison | Discovered new exit (range 10) 6262 | -8/Garrison | Build established: Tank 6287 | -8/Garrison | Triggered checkpoint 6320 | -8/Garrison | Garrison Relay disabled 6618 | -8/Garrison | Garrison Relay disabled 6671 | -8/Garrison | Discovered new exit (range 10) 6673 | -8/Garrison | Triggered checkpoint 7632 | -8/Garrison | Garrison Relay disabled 7651 | -8/Garrison | Triggered checkpoint 7708 | -8/Garrison | Discovered new exit (range 3) 7977 | -8/Garrison | Installed Relay Interface Framework 8178 | -8/Garrison | Entered Factory 8178 | -7/Factory | Evolved 2 slots: Propulsion x1, Utility x1 8281 | -7/Factory | Garrison activated, responded to threat 8319 | -7/Factory | Identified exit to Garrison 8319 | -7/Factory | Entered Garrison 8350 | -7/Garrison | Expanded RIF knowledge: Hotswap 8377 | -7/Garrison | Triggered checkpoint 8413 | -7/Garrison | Garrison Relay disabled 8481 | -7/Garrison | Build established: Scavenger-Tank 8489 | -7/Garrison | Triggered checkpoint 8545 | -7/Garrison | Triggered checkpoint 8581 | -7/Garrison | Triggered checkpoint 8620 | -7/Garrison | Destroyed 15 combat bots 8653 | -7/Garrison | Triggered checkpoint 8761 | -7/Garrison | Triggered checkpoint 8778 | -7/Garrison | Garrison Relay disabled 8828 | -7/Garrison | Discovered new exit (range 12) 9271 | -7/Garrison | Spotted B-75 Beast 9293 | -7/Garrison | Allies destroyed B-75 Beast 9294 | -7/Garrison | Discovered new exit (range 13) 9309 | -7/Garrison | Triggered checkpoint 9614 | -7/Garrison | Garrison Relay disabled 9657 | -7/Garrison | Core integrity fell below 50% 9698 | -7/Garrison | System corruption reached 10% 9716 | -7/Garrison | Lost 5 parts (1n2u2w) 9996 | -7/Garrison | Garrison Relay disabled 10029 | -7/Garrison | Discovered new exit (range 17) 10040 | -7/Garrison | Build established: Bothacker-Mutant 10147 | -7/Garrison | Triggered checkpoint 10372 | -7/Garrison | Garrison Relay disabled 10376 | -7/Garrison | Garrison Relay disabled 10384 | -7/Garrison | Garrison Relay disabled 10384 | -7/Garrison | Garrison Relay disabled 10509 | -7/Garrison | Entered Factory 10509 | -6/Factory | Evolved 2 slots: Propulsion x1, Utility x1 10530 | -6/Factory | Build established: Bothacker-Gunner 10636 | -6/Factory | Sucked down chute 10636 | -6/Factory | Entered Waste 10658 | -6/Waste | Spotted C-40 Crusher 10665 | -6/Waste | Spotted C-40 Crusher 10670 | -6/Waste | Destroyed C-40 Crusher 10675 | -6/Waste | Destroyed C-40 Crusher 10680 | -6/Waste | Spotted C-40 Crusher 10689 | -6/Waste | Destroyed C-40 Crusher 10704 | -6/Waste | Spotted C-40 Crusher 10705 | -6/Waste | Spotted C-40 Crusher 10729 | -6/Waste | Spotted C-40 Crusher 10771 | -6/Waste | Crushed by Compactor (1 part destroyed, 2 dropped) 10974 | -6/Waste | Destroyed C-40 Crusher 11017 | -6/Waste | Found Damper Plating 11073 | -6/Waste | Destroyed C-40 Crusher 11132 | -6/Waste | Destroyed C-40 Crusher 11219 | -6/Waste | Build established: Bothacker-Tank 11355 | -6/Waste | Discovered new exit (range 12) 11761 | -6/Waste | Warlord forces began an assault 12105 | -6/Waste | Entered Factory 12105 | -6/Factory | Accompanied by 17 allies 12409 | -6/Factory | Lost 5 allies 12437 | -6/Factory | Garrison activated, responded to threat 12459 | -6/Factory | Identified exit to Garrison 12494 | -6/Factory | Entered Garrison 12494 | -6/Garrison | Accompanied by 11 allies 12644 | -6/Garrison | Triggered checkpoint 12671 | -6/Garrison | Garrison Relay disabled 12677 | -6/Garrison | Build established: Bothacker-Mutant 12716 | -6/Garrison | Triggered checkpoint 12727 | -6/Garrison | Triggered checkpoint 12797 | -6/Garrison | Lost 9 allies 12896 | -6/Garrison | Triggered checkpoint 12908 | -6/Garrison | Garrison Relay disabled 12942 | -6/Garrison | Discovered new exit (range 17) 13031 | -6/Garrison | Build established: Bothacker-Tank 13085 | -6/Garrison | Discovered new exit (range 51) 13085 | -6/Garrison | Discovered new exit (range 12) 13085 | -6/Garrison | Discovered new exit (range 56) 13152 | -6/Garrison | Expanded RIF knowledge: Coupler Efficiency 13178 | -6/Garrison | Triggered checkpoint 13238 | -6/Garrison | Garrison Relay disabled 13348 | -6/Garrison | Triggered checkpoint 13349 | -6/Garrison | Garrison Relay disabled 13378 | -6/Garrison | Spotted B-90 Cyclops 13397 | -6/Garrison | Destroyed B-90 Cyclops 13400 | -6/Garrison | Spotted B-90 Cyclops 13416 | -6/Garrison | Allies destroyed B-90 Cyclops 13519 | -6/Garrison | Found Unknown Device 13519 | -6/Garrison | Identified Quantum Capacitor 13682 | -6/Garrison | Found Relay Coupler [Proto] 13685 | -6/Garrison | Found Relay Coupler [Proto] 13688 | -6/Garrison | Found Relay Coupler [Proto] 13693 | -6/Garrison | Found Relay Coupler [Proto] 13748 | -6/Garrison | Entered Factory 13748 | -6/Factory | Accompanied by 5 allies 13914 | -6/Factory | Discovered new exit (range 8) 14098 | -6/Factory | First assault squad dispatched 14133 | -6/Factory | Spotted B-75 Beast 14174 | -6/Factory | Destroyed B-75 Beast 14337 | -6/Factory | Discovered new exit (range 8) 14571 | -6/Factory | Identified exit to Garrison 14582 | -6/Factory | Entered Garrison 14582 | -6/Garrison | Accompanied by 3 allies 14614 | -6/Garrison | Expanded RIF knowledge: Autooverride 14634 | -6/Garrison | Triggered checkpoint 14645 | -6/Garrison | Garrison Relay disabled 14922 | -6/Garrison | Destroyed 7 combat bots 14933 | -6/Garrison | Lost 3 allies 14966 | -6/Garrison | Triggered checkpoint 14983 | -6/Garrison | P-60 Hacker assimilated allied 6D-NY5(m) 15058 | -6/Garrison | Discovered new exit (range 15) 15119 | -6/Garrison | System corruption reached 10% 15190 | -6/Garrison | Expanded RIF knowledge: Threat Obfuscation 15244 | -6/Garrison | Triggered checkpoint 15273 | -6/Garrison | Garrison Relay disabled 15436 | -6/Garrison | Triggered checkpoint 15448 | -6/Garrison | Garrison Relay disabled 15515 | -6/Garrison | Discovered new exit (range 8) 15517 | -6/Garrison | Build established: Botlord-Tank 15538 | -6/Garrison | Triggered checkpoint 15575 | -6/Garrison | Discovered new exit (range 6) 15584 | -6/Garrison | Entered Factory 15844 | -6/Factory | Spotted B-75 Beast 15890 | -6/Factory | Destroyed B-75 Beast 16106 | -6/Factory | Identified exit to Garrison 16110 | -6/Factory | Entered Garrison 16110 | -6/Garrison | Accompanied by 1 ally 16164 | -6/Garrison | Triggered checkpoint 16204 | -6/Garrison | Garrison Relay disabled 16372 | -6/Garrison | Destroyed 7 combat bots 16415 | -6/Garrison | Lost 3 parts (1n2u) 16440 | -6/Garrison | Triggered checkpoint 16485 | -6/Garrison | Discovered new exit (range 6) 16666 | -6/Garrison | Triggered checkpoint 16732 | -6/Garrison | Spotted B-75 Beast 16740 | -6/Garrison | Triggered checkpoint 16749 | -6/Garrison | Triggered checkpoint 16749 | -6/Garrison | Destroyed B-75 Beast 16822 | -6/Garrison | Triggered checkpoint 16840 | -6/Garrison | Garrison Relay disabled 16907 | -6/Garrison | Triggered checkpoint 16938 | -6/Garrison | Lost 3 allies 16946 | -6/Garrison | Triggered checkpoint 17088 | -6/Garrison | Discovered new exit (range 10) 17120 | -6/Garrison | Triggered checkpoint 17146 | -6/Garrison | Triggered checkpoint 17148 | -6/Garrison | Garrison Relay disabled 17326 | -6/Garrison | Triggered checkpoint 17334 | -6/Garrison | Garrison Relay disabled 17360 | -6/Garrison | Rewired B-86 Titan 17364 | -6/Garrison | Rewired B-90 Cyclops 17365 | -6/Garrison | Spotted B-75 Beast 17379 | -6/Garrison | Allies destroyed B-75 Beast 17560 | -6/Garrison | Found Quantum Capacitor 17618 | -6/Garrison | Rescued a captive Derelict 17619 | -6/Garrison | Rescued a captive Derelict 17632 | -6/Garrison | Build established: Botlord-Gunner 17819 | -6/Garrison | Discovered new exit (range 8) 17968 | -6/Garrison | Triggered checkpoint 18049 | -6/Garrison | Build established: Botlord-Mutant 18104 | -6/Garrison | Triggered checkpoint 18290 | -6/Garrison | Discovered new exit (range 10) 18374 | -6/Garrison | Build established: Botlord-Gunner 18625 | -6/Garrison | Expanded RIF knowledge: Watcher Feeds 18763 | -6/Garrison | Build established: Botlord-Mutant 18967 | -6/Garrison | Entered Factory 18967 | -6/Factory | Accompanied by 10 allies 19247 | -6/Factory | Identified exit to Garrison 19276 | -6/Factory | Entered Garrison 19276 | -6/Garrison | Accompanied by 9 allies 19340 | -6/Garrison | Triggered checkpoint 19342 | -6/Garrison | Garrison Relay disabled 19390 | -6/Garrison | Discovered new exit (range 80) 19390 | -6/Garrison | Discovered new exit (range 62) 19390 | -6/Garrison | Discovered new exit (range 48) 19486 | -6/Garrison | Triggered checkpoint 19606 | -6/Garrison | Triggered checkpoint 19630 | -6/Garrison | Core integrity fell below 50% 19657 | -6/Garrison | Lost 6 allies 19674 | -6/Garrison | Build established: Botlord-Tank 19686 | -6/Garrison | Triggered checkpoint 19718 | -6/Garrison | Lost 3 allies 19771 | -6/Garrison | Spotted Striker 19773 | -6/Garrison | Spotted Executioner 19811 | -6/Garrison | Destroyed Executioner 19837 | -6/Garrison | Destroyed Striker 19861 | -6/Garrison | Found Prototype Processor 19861 | -6/Garrison | Identified Exp. Core Analyzer 19888 | -6/Garrison | Found Prototype Device 19888 | -6/Garrison | Identified Adv. Kinecellerator 19968 | -6/Garrison | Destroyed Executioner 19979 | -6/Garrison | Found Prototype Processor 19979 | -6/Garrison | Identified Exp. Targeting Computer 20015 | -6/Garrison | Found Exp. Core Analyzer 20143 | -6/Garrison | Expanded RIF knowledge: Signal Jamming 20153 | -6/Garrison | Build established: Botlord-Mutant 20192 | -6/Garrison | Entered Factory 20192 | -5/Factory | Evolved 2 slots: Propulsion x1, Utility x1 20492 | -5/Factory | First assault squad dispatched 20500 | -5/Factory | Found Prototype Launcher 20500 | -5/Factory | Identified Tesla Bomb Launcher 20977 | -5/Factory | Destroyed 9 combat bots 21112 | -5/Factory | Sucked down chute 21112 | -5/Factory | Entered Waste 21113 | -5/Waste | Met a frightened Derelict 21119 | -5/Waste | Spotted C-40 Crusher 21127 | -5/Waste | EMP discharged 21132 | -5/Waste | Spotted C-40 Crusher 21136 | -5/Waste | Destroyed C-40 Crusher 21154 | -5/Waste | Destroyed C-40 Crusher 21171 | -5/Waste | Build established: Botlord-Gunner 21196 | -5/Waste | Spotted C-40 Crusher 21200 | -5/Waste | Spotted C-40 Crusher 21206 | -5/Waste | Destroyed C-40 Crusher 21222 | -5/Waste | Destroyed C-40 Crusher 21224 | -5/Waste | Spotted C-40 Crusher 21227 | -5/Waste | EMP discharged 21227 | -5/Waste | System corruption reached 10% 21233 | -5/Waste | Destroyed C-40 Crusher 21237 | -5/Waste | Spotted C-40 Crusher 21327 | -5/Waste | EMP discharged 21337 | -5/Waste | Discovered new exit (range 10) 21348 | -5/Waste | Destroyed C-40 Crusher 21383 | -5/Waste | Entered Factory 22095 | -5/Factory | System corruption reached 30% 22404 | -5/Factory | Discovered new exit (range 20) 22582 | -5/Factory | Build established: Botlord-Mutant 22862 | -5/Factory | Discovered new exit (range 5) 23031 | -5/Factory | Identified exit to Garrison 23031 | -5/Factory | Entered Garrison 23031 | -5/Garrison | Accompanied by 1 ally 23071 | -5/Garrison | Triggered checkpoint 23129 | -5/Garrison | Build established: Botlord-Gunner 23143 | -5/Garrison | Garrison Relay disabled 23330 | -5/Garrison | Spotted B-75 Beast 23336 | -5/Garrison | Assimilated Beast 6a with formatsys_high 23337 | -5/Garrison | Triggered checkpoint 23570 | -5/Garrison | Discovered new exit (range 8) 23607 | -5/Garrison | Expanded RIF knowledge: Command Fork 23685 | -5/Garrison | Triggered checkpoint 23695 | -5/Garrison | Garrison Relay disabled 23787 | -5/Garrison | Triggered checkpoint 23833 | -5/Garrison | Triggered checkpoint 23898 | -5/Garrison | Discovered new exit (range 12) 23993 | -5/Garrison | Triggered checkpoint 24013 | -5/Garrison | Garrison Relay disabled 24150 | -5/Garrison | Triggered checkpoint 24170 | -5/Garrison | Garrison Relay disabled 24257 | -5/Garrison | Found Relay Coupler [Proto] 24260 | -5/Garrison | Found Relay Coupler [Proto] 24264 | -5/Garrison | Found Relay Coupler [Proto] 24312 | -5/Garrison | Discovered new exit (range 20) 24365 | -5/Garrison | Rescued a captive Derelict 24382 | -5/Garrison | Entered Factory 24382 | -5/Factory | Accompanied by 5 allies 24628 | -5/Factory | Lost 4 allies 24682 | -5/Factory | First assault squad dispatched 24796 | -5/Factory | Identified exit to Garrison 24796 | -5/Factory | Entered Garrison 24796 | -5/Garrison | Accompanied by 1 ally 24847 | -5/Garrison | Triggered checkpoint 24884 | -5/Garrison | Garrison Relay disabled 24966 | -5/Garrison | Triggered checkpoint 24984 | -5/Garrison | Spotted B-75 Beast 24997 | -5/Garrison | Destroyed B-75 Beast 25028 | -5/Garrison | Triggered checkpoint 25230 | -5/Garrison | Triggered checkpoint 25288 | -5/Garrison | Expanded RIF knowledge: Alert ID Control 25368 | -5/Garrison | Discovered new exit (range 8) 25389 | -5/Garrison | Spotted B-86 Titan 25408 | -5/Garrison | Destroyed B-86 Titan 25480 | -5/Garrison | Destroyed B-90 Cyclops 25588 | -5/Garrison | Triggered checkpoint 25678 | -5/Garrison | Discovered new exit (range 20) 25712 | -5/Garrison | Triggered checkpoint 25745 | -5/Garrison | Garrison Relay disabled 26041 | -5/Garrison | Destroyed 12 combat bots 26224 | -5/Garrison | Triggered checkpoint 26408 | -5/Garrison | Rescued a captive Derelict 26410 | -5/Garrison | Rescued a captive Derelict 26414 | -5/Garrison | Triggered checkpoint 26444 | -5/Garrison | Garrison Relay disabled 26467 | -5/Garrison | Build established: Scavenger-Tank 26487 | -5/Garrison | Discovered new exit (range 12) 26597 | -5/Garrison | Learned Factory security intel 26628 | -5/Garrison | Entered Factory 26628 | -4/Factory | Accompanied by 2 allies 26628 | -4/Factory | Evolved 2 slots: Power x1, Utility x1 26776 | -4/Factory | Garrison activated, responded to threat 26935 | -4/Factory | Build established: Scavenger-Gunner 26957 | -4/Factory | Found Prototype Hackware 26957 | -4/Factory | Identified Exp. System Shield 27093 | -4/Factory | Identified exit to Garrison 27149 | -4/Factory | Entered Garrison 27149 | -4/Garrison | Accompanied by 2 allies 27210 | -4/Garrison | Spotted B-90 Cyclops 27244 | -4/Garrison | Destroyed B-90 Cyclops 27274 | -4/Garrison | Lost 4 parts (2n2w) 27306 | -4/Garrison | Found Quantum Capacitor 27396 | -4/Garrison | Rewired B-90 Cyclops 27576 | -4/Garrison | Build established: Botlord-Tank 27587 | -4/Garrison | Triggered checkpoint 27624 | -4/Garrison | Garrison Relay disabled 27937 | -4/Garrison | Triggered checkpoint 27978 | -4/Garrison | Lost 6 allies 28135 | -4/Garrison | Triggered checkpoint 28202 | -4/Garrison | Discovered new exit (range 12) 28383 | -4/Garrison | Triggered checkpoint 28486 | -4/Garrison | Discovered new exit (range 10) 28597 | -4/Garrison | Garrison Relay disabled 28651 | -4/Garrison | Triggered checkpoint 28700 | -4/Garrison | Garrison Relay disabled 29003 | -4/Garrison | Triggered checkpoint 29123 | -4/Garrison | Garrison Relay disabled 29154 | -4/Garrison | Discovered new exit (range 22) 29217 | -4/Garrison | Expanded RIF knowledge: Patrol Navigation 29328 | -4/Garrison | Entered Research 29328 | -3/Research | Accompanied by 4 allies 29328 | -3/Research | Evolved 2 slots: Utility x2 29390 | -3/Research | Build established: Botlord-Mutant 29486 | -3/Research | Unchained authorized (GL-D0S) 30004 | -3/Research | Discovered new exit (range 36) 30016 | -3/Research | P-80 Master assimilated allied Artificer 7a 30061 | -3/Research | Spotted B-90 Cyclops 30075 | -3/Research | Discovered new exit (range 12) 30097 | -3/Research | Destroyed B-90 Cyclops 30154 | -3/Research | Entered Quarantine 30154 | -3/Quarantine | Accompanied by 1 ally 30317 | -3/Quarantine | Build established: Botlord-Gunner 30369 | -3/Quarantine | Found Alien Artifact 30369 | -3/Quarantine | Identified Dimensional Node Initializer 30369 | -3/Quarantine | Initialized slip node 30375 | -3/Quarantine | Found Dimensional Node Initializer 30386 | -3/Quarantine | Found Alien Artifact 30391 | -3/Quarantine | Found Alien Artifact 30423 | -3/Quarantine | Identified Transdimensional Reconstructor (x2) 30585 | -3/Quarantine | Garrison activated, responded to threat 30635 | -3/Quarantine | System corruption reached 10% 30695 | -3/Quarantine | Found Alien Impact Weapon 30743 | -3/Quarantine | Discovered new exit (range 24) 30747 | -3/Quarantine | Found Alien Artifact 30791 | -3/Quarantine | Identified Terrabomb 30824 | -3/Quarantine | Central database locked down 31120 | -3/Quarantine | Spotted Alpha 7 31174 | -3/Quarantine | Destroyed Alpha 7 31202 | -3/Quarantine | Found Prototype Ballistic Gun 31202 | -3/Quarantine | Identified Multirail 31234 | -3/Quarantine | Found Prototype Processor 31234 | -3/Quarantine | Identified Exp. Target Analyzer 31266 | -3/Quarantine | Found Prototype Device 31266 | -3/Quarantine | Identified Exp. ECM Suite 31290 | -3/Quarantine | Found Exp. Targeting Computer 31436 | -3/Quarantine | Found Alien Energy Cannon 31473 | -3/Quarantine | Found Alien Artifact 31858 | -3/Quarantine | Identified exit to Garrison 31858 | -3/Quarantine | Entered Garrison 31886 | -3/Garrison | Expanded RIF knowledge: Threat Obfuscation 32058 | -3/Garrison | Garrison Relay disabled 32093 | -3/Garrison | Triggered checkpoint 32102 | -3/Garrison | Triggered checkpoint 32218 | -3/Garrison | Garrison Relay disabled 32306 | -3/Garrison | Spotted B-86 Titan 32306 | -3/Garrison | Spotted B-86 Titan 32331 | -3/Garrison | Destroyed B-86 Titan 32334 | -3/Garrison | Destroyed B-86 Titan 32420 | -3/Garrison | Triggered checkpoint 32446 | -3/Garrison | Spotted B-86 Titan 32470 | -3/Garrison | Lost 4 allies 32486 | -3/Garrison | Destroyed B-86 Titan 32508 | -3/Garrison | Lost 3 parts (1n2u) 32604 | -3/Garrison | Triggered checkpoint 32662 | -3/Garrison | Discovered new exit (range 11) 32744 | -3/Garrison | Triggered checkpoint 32949 | -3/Garrison | Garrison Relay disabled 32958 | -3/Garrison | Triggered checkpoint 33331 | -3/Garrison | Spotted Executioner 33334 | -3/Garrison | Spotted Executioner 33355 | -3/Garrison | Destroyed Executioner 33360 | -3/Garrison | Destroyed Executioner 33382 | -3/Garrison | Found Exp. Core Analyzer 33385 | -3/Garrison | Found Prototype Device 33385 | -3/Garrison | Identified Adv. Kinecellerator 33696 | -3/Garrison | Triggered checkpoint 33726 | -3/Garrison | Triggered checkpoint 33732 | -3/Garrison | Discovered new exit (range 17) 33758 | -3/Garrison | Triggered checkpoint 33799 | -3/Garrison | Garrison Relay disabled 33898 | -3/Garrison | Triggered checkpoint 33914 | -3/Garrison | Garrison Relay disabled 34067 | -3/Garrison | Found Relay Coupler [Proto] 34069 | -3/Garrison | Found Relay Coupler [Proto] 34073 | -3/Garrison | Found Relay Coupler [Proto] 34075 | -3/Garrison | Lost 3 allies 34118 | -3/Garrison | Discovered new exit (range 11) 34204 | -3/Garrison | Destroyed 7 combat bots 34216 | -3/Garrison | Triggered checkpoint 34249 | -3/Garrison | Garrison Relay disabled 34325 | -3/Garrison | Entered Research 34325 | -2/Research | Evolved 2 slots: Power x1, Utility x1 34964 | -2/Research | Spotted B-90 Cyclops 34991 | -2/Research | Destroyed B-90 Cyclops 35168 | -2/Research | Unchained authorized (GL-D0S) 35175 | -2/Research | Identified exit to Garrison 35175 | -2/Research | Entered Garrison 35312 | -2/Garrison | Triggered checkpoint 35443 | -2/Garrison | Triggered checkpoint 35459 | -2/Garrison | Triggered checkpoint 35460 | -2/Garrison | Spotted B-90 Cyclops 35469 | -2/Garrison | Destroyed B-90 Cyclops 35492 | -2/Garrison | Triggered checkpoint 35502 | -2/Garrison | Triggered checkpoint 35538 | -2/Garrison | Lost 4 allies 35800 | -2/Garrison | Discovered new exit (range 20) 35977 | -2/Garrison | Triggered checkpoint 36041 | -2/Garrison | Expanded RIF knowledge: Autoassimilate 36196 | -2/Garrison | Spotted B-86 Titan 36213 | -2/Garrison | Allies destroyed B-86 Titan 36434 | -2/Garrison | Discovered new exit (range 9) 36483 | -2/Garrison | Triggered checkpoint 36497 | -2/Garrison | Garrison Relay disabled 36626 | -2/Garrison | Garrison Relay disabled 36727 | -2/Garrison | Triggered checkpoint 36741 | -2/Garrison | Garrison Relay disabled 36776 | -2/Garrison | Build established: Botlord-Mutant 36818 | -2/Garrison | Discovered new exit (range 13) 36859 | -2/Garrison | Entered Access 36859 | -1/Access | Accompanied by 9 allies 36859 | -1/Access | Evolved 2 slots: Utility x2 37009 | -1/Access | P-80 Master assimilated allied Enforcer 9a 37078 | -1/Access | Garrison activated, responded to threat 37177 | -1/Access | Lost 4 allies 37310 | -1/Access | P-80 Master assimilated allied G-73 Enforcer 37442 | -1/Access | Build established: Botlord-Tank 37825 | -1/Access | Identified exit to Garrison 37825 | -1/Access | Entered Garrison 37825 | -1/Garrison | Accompanied by 3 allies 37859 | -1/Garrison | Triggered checkpoint 37876 | -1/Garrison | Garrison Relay disabled 38286 | -1/Garrison | Triggered checkpoint 38316 | -1/Garrison | Triggered checkpoint 38379 | -1/Garrison | Build established: Botlord-Gunner 38379 | -1/Garrison | Spotted B-99 Colossus 38380 | -1/Garrison | Lost 5 allies 38388 | -1/Garrison | Destroyed 15 combat bots 38562 | -1/Garrison | Destroyed B-99 Colossus 38590 | -1/Garrison | Triggered checkpoint 38593 | -1/Garrison | Found Multirail 38765 | -1/Garrison | Triggered checkpoint 38826 | -1/Garrison | Expanded RIF knowledge: Robot Detection 38851 | -1/Garrison | Discovered new exit (range 3) 38878 | -1/Garrison | Discovered new exit (range 65) 38878 | -1/Garrison | Discovered new exit (range 88) 38878 | -1/Garrison | Discovered new exit (range 13) 39063 | -1/Garrison | Triggered checkpoint 39098 | -1/Garrison | Spotted B-90 Cyclops 39191 | -1/Garrison | Entered Access 39191 | -1/Access | Accompanied by 1 ally 39414 | -1/Access | Build established: Botlord-Mutant 39523 | -1/Access | Spotted B-99 Colossus 39554 | -1/Access | Destroyed B-99 Colossus 39581 | -1/Access | Found Multirail 39706 | -1/Access | Garrison activated, responded to threat 39817 | -1/Access | Build established: Botlord-Tank 40270 | -1/Access | Allied Derelicts emerged from ambush trap array 40302 | -1/Access | Spotted B-99 Colossus 40333 | -1/Access | Found Multirail 40368 | -1/Access | Spotted B-99 Colossus 40411 | -1/Access | Destroyed B-99 Colossus 40435 | -1/Access | Lost 4 allies 40466 | -1/Access | Discovered new exit (range 3) 40471 | -1/Access | Entered Command 40674 | -1/Command | Spotted M Guard 40683 | -1/Command | Spotted M Guard 40683 | -1/Command | Spotted Combat Programmer 40695 | -1/Command | System corruption reached 10% 40697 | -1/Command | Spotted Combat Programmer 40711 | -1/Command | Destroyed Combat Programmer 40734 | -1/Command | Destroyed Combat Programmer 40739 | -1/Command | Assimilated M Guard with formatsys_high 40740 | -1/Command | Assimilated M Guard with formatsys_high 40907 | -1/Command | 0b10 Conduit disabled 40907 | -1/Command | Met MAIN.C 40938 | -1/Command | Destroyed MAIN.C Shell 40940 | -1/Command | MAIN.C activated Command garrisons 40966 | -1/Command | All MAIN.C guards destroyed 40999 | -1/Command | Build established: Botlord-Gunner 41028 | -1/Command | Core integrity fell below 50% 41041 | -1/Command | Core integrity fell below 20% 41041 | -1/Command | Initialized slip node 41045 | -1/Command | Core destroyed Last Messages --------------- 41031_ Acquired Dimensional Node Initializer. 41032_ Acquired 18 matter. 41033_ 0b10 Conduit collapses. 41034_ Knocked back. 41035_ 0b10 Conduit collapses. 41037_ Knocked back. 41040_ Dropped Dimensional Node Initializer. 41040_ Relay Coupler [Sentry] destroyed. 41040_ Knocked back. 41041_ Acquired Dimensional Node Initializer. 41041_ Initializer activates and latches into the ground. 41042_ Acquired 10 matter. 41043_ 0b10 Conduit collapses. 41043_ Relay Coupler [Proto] destroyed. 41043_ Knocked back. 41044_ System corrupted: Matter fused (-5). 41044_ 0b10 Conduit collapses. 41044_ Acquired 5 matter. 41045_ Acquired 10 matter. 41045_ Dimensional Slip Node implodes. Map ----- +----------------------------------------------------+ | ?????????????????????????????????????????????????? | | ?????????????????????????????????????????????????? | | ?????????????????????????????????????????????????? | | ?????????????????????????????????????????????????? | | ?????????????????????????????????????????????????? | | ?????????????????????????????????????????????????? | | ?????????????????????????????????????????????????? | | ?????????????????????????????????????????????????? | | ?????????????????????????????????????????????????? | | ?????????????????????????????????????????????????? | | ?????????????????????????????????????????????????? | | ?????????????????????????????????????????????????? | | ?????????????????????????????????????????????????? | | ??????????????????#######################????????? | | ??????????????????#""""""" """" #????????? | | ??????????????????#"" "" #????????? | | ??????????????????#""""" "" ########## | | ??????????????????#""""""""""" ] | | ??????????????????#" " *!*% | | ??????????????????# |*!!! | | ??????????????????# ]= !########## | | ??????????????????# % %*!#????????? | | ??????????????????# % % !!#????????? | | ??????????????????# " ]#????????? | | ??????????????????# %M #????????? | | ??????????????????#" @ % #????????? | | ??????????????????# % "#????????? | | ??????????????????# #????????? | | ??????????????????# " #????????? | | ??????????????????" " "" " #????????? | | ??????????????????" "" " """" #????????? | | ??????????????????" " " " " #????????? | | ??????????????????# """""""""" " #????????? | | ??????????????????# " """ " """"""""#????????? | | ??????????????????# """ " " " #????????? | | ??????????????????#######################????????? | | ?????????????????????????????????????????????????? | | ?????????????????????????????????????????????????? | | ?????????????????????????????????????????????????? | | ?????????????????????????????????????????????????? | | ?????????????????????????????????????????????????? | | ?????????????????????????????????????????????????? | | ?????????????????????????????????????????????????? | | ?????????????????????????????????????????????????? | | ?????????????????????????????????????????????????? | | ?????????????????????????????????????????????????? | | ?????????????????????????????????????????????????? | | ?????????????????????????????????????????????????? | | ?????????????????????????????????????????????????? | | ?????????????????????????????????????????????????? | +----------------------------------------------------+ Best States ------------- Heat Dissipation 114 Coolant Potential 100 Energy Generation 77 Energy Capacity 850 Matter Stores 300 Matter Capacity 300 Sight Range 23 Terrain Scan Range 16 Terrain Scan Density 85 Additional Mass Support 12 Base Temperature (-) 100 Armor Coverage 450 Resistance: TH 25 Utility Shielding 66 Weapon Cycling 25 Melee Speed Boost 30 Evasion (%) 55 Targeting Accuracy 12 Target Analysis 10 Core Analysis 8 Recoil Reduction 6 Kinecelleration 50 Salvage Targeting 3 Offensive Hacking 10 Defensive Hacking 16 Relay Coupler Types 5 Relay Coupler Value 172 Item Schematics ----------------- Lrn. Phase Cannon | -3/Quarantine | Archive Adv. EM Disruption Field | -3/Quarantine | Archive Exp. Focal Shield | -3/Quarantine | Archive Adv. Plasma Rifle | -3/Quarantine | Archive Adv. Variable Charge Gun | -3/Quarantine | Archive Imp. Matter Neutralizer | -3/Quarantine | Archive Hds. Centrium Wheel | -3/Quarantine | Archive Robot Schematics ------------------ G-67 Veteran | -3/Quarantine | Archive R-10 Processor | -3/Quarantine | Archive Fabricated ------------ Nothing Repaired ---------- Nothing Studied --------- Lgt. EM Pulse Cannon | -9/Materials | Hacked Hvy. Assault Rifle | -9/Materials | Hacked Imp. Ion Engine | -9/Materials | Hacked Arm. Treads | -8/Materials | Hacked Imp. Carbon-fiber Leg | -6/Factory | Hacked Hvy. Machine Gun | -6/Factory | Hacked Antimatter Reactor | -5/Factory | Hacked Railgun | -3/Quarantine | Hacked Arm. Heavy Treads | -3/Quarantine | Hacked Com. HERF Cannon | -3/Quarantine | Hacked Nova Cannon | -3/Quarantine | Hacked Alien Tech Used ----------------- Dimensional Node Initializer Achievements -------------- RIFT Wizard Challenges ------------ None Game ------ Seed AntisysReactiveGuard Manual? 0 Play Time 06:12:16 Cumulative 955.5 hours Start 2025.11.02 @ 21:05:15 End 2025.11.03 @ 03:26:35 Sessions 1 Manual Loads 0 Difficulty Rogue Special Mode None Game No. 299 Rogue 297 Adventurer 2 Explorer 0 Win Type - Total 65 Types 19/13/15/1/1/1/11/1/1/2 Lore% 97 Gallery% 94 Achievement% 80 Wizard Run 0 Options --------- Layout 0 ASCII 0 Keyboard 1 Movement Numpad Keybinds 0 Fullscreen 1 Font 24/Smallcaps Map View 76x50 Zoom Use 0% Tactical HUD 1 Map Filters NONE Filters NONE Steam 1 RUN: 5da29b94-1cae-4980-9142-be5d01502f40